 Dungeon Crawl Stone Soup version 0.26-a0-154-g3d63440f56 (webtiles) character file.

Game seed: 13675867653705273461

1158973 Ravlon the Annihilator (level 27, -12/214 HPs)
             Began as a Gargoyle Earth Elementalist on June 20, 2020.
             Was the Champion of Vehumet.
             Mangled by a titan zombie (22 damage)
             ... on level 20 of a ziggurat on July 2, 2020.
             The game lasted 05:48:02 (106195 turns).

Ravlon the Annihilator (GrEE)                     Turns: 106195, Time: 05:48:03

Health: -12/214    AC: 38    Str: 20    XL:     27
Magic:  54/54      EV: 20    Int: 36    God:    Vehumet [******]
Gold:   12826      SH:  0    Dex:  8    Spells: 2/80 levels left

rFire    + + .     SeeInvis +   b - +7 sceptre of Torment {pain, torment}
rCold    + + .     Faith    .   (no shield)
rNeg     + . .     Spirit   .   P - +2 robe of Gluttony {+Inv rPois}
rPois    ∞         Reflect  .   V - +3 crown of Dyrovepreva {rElec Int+2 SInv}
rElec    +         Harm     .   E - scarf {rC+ rF+}
rCorr    +                      m - +2 pair of gloves {Str+3}
MR       ++...                  v - +2 pair of boots {run}
Stlth    ++........             e - amulet of Vitality {Regen+ HP+15}
HPRegen  0.85/turn              I - ring "Miow" {rCorr Int+4}
MPRegen  0.34/turn              U - ring of Intercession {Wiz rElec rPois rF+ Int+4}

@: flying, slightly contaminated, slowed, studying Polearms, very slow
A: big wings, thin metallic scales 1, clever 1, clumsy 1, cold resistance 1,
negative energy resistance 1, electricity resistance, unbreathing, petrification
resistance, rot immunity, AC +20
}: 4/15 runes: barnacled, slimy, silver, gossamer
a: Stop Flying, Renounce Religion, Evoke Invisibility


You were on level 20 of a ziggurat.
You worshipped Vehumet.
Vehumet was exalted by your worship.
You were full.

You visited 12 branches of the dungeon, and saw 58 of its levels.
You visited the Abyss 3 times.
You visited 1 bazaar.
You visited 3 ziggurats (completing 2), and saw 74 of their levels.
You also visited: Gauntlet, Ice Cave and Wizlab.

You collected 17908 gold pieces.
You spent 5082 gold pieces at shops.

Inventory:

Hand Weapons
 b - the +7 sceptre of Torment (weapon) {pain, torment}
   (You found it on level 7 of a ziggurat)

   In the hands of one skilled in necromantic magic, it inflicts extra damage on
   living creatures.
 c - a +8 sacred scourge of holy wrath
 t - a +9 demon whip of electrocution
 F - a +9 vorpal eveningstar
Missiles
 q - 10 throwing nets (quivered)
 x - 43 silver javelins
Armour
 m - a +2 pair of gloves of strength (worn)
 v - a +2 pair of boots of running (worn)
 E - a scarf of resistance (worn)
 P - the +2 robe of Gluttony (worn) {+Inv rPois}
   (You found it on level 9 of a ziggurat)

   It protects you from poison.
   It lets you turn invisible.
 V - the +3 crown of Dyrovepreva (worn) {rElec Int+2 SInv}
   (You found it in an ice cave)

   It affects your intelligence (+2).
   It insulates you from electricity.
   It lets you see invisible.
Jewellery
 e - the amulet of Vitality (around neck) {Regen+ HP+15}
   (You took it off a mummy priest on level 4 of the Depths)

   [amulet of regeneration]

   It affects your health (+15).
   It increases your rate of regeneration.
 I - the ring "Miow" (left hand) {rCorr Int+4}
   (You found it on level 1 of the Lair of Beasts)

   [ring of resist corrosion]

   It affects your intelligence (+4).
   It provides partial protection from all sources of acid and corrosion.
 M - the ring "Xelubaef" {Str+3 Int+6 Dex+4}
   (You found it on level 3 of the Vaults)

   [ring of intelligence]

   It affects your strength (+3).
   It affects your intelligence (+6).
   It affects your dexterity (+4).
 U - the ring of Intercession (right hand) {Wiz rElec rPois rF+ Int+4}
   (You found it on level 15 of a ziggurat)

   [ring of wizardry]

   It improves your spell success rate.
   It affects your intelligence (+4).
   It protects you from fire.
   It insulates you from electricity.
   It protects you from poison.
Wands
 G - a wand of iceblast (32)
 L - a wand of clouds (5)
Scrolls
 f - 2 scrolls of summoning
 l - 51 scrolls of teleportation
 p - 66 scrolls of remove curse
 C - 12 scrolls of amnesia
 D - 50 scrolls of fog
 Q - 13 scrolls of magic mapping
 R - 14 scrolls of blinking
 S - 43 scrolls of identify
 Y - 2 scrolls of holy word
Potions
 a - 3 potions of ambrosia
 g - 8 potions of might
 h - 10 potions of berserk rage
 n - 42 potions of mutation
 o - 13 potions of brilliance
 u - 22 potions of curing
 w - 8 potions of stabbing
 z - 3 potions of cancellation
 B - 4 potions of resistance
 H - 4 potions of heal wounds
 K - 3 potions of magic
 W - a potion of haste
Books
 s - a manual of Polearms
 X - a manual of Polearms
Miscellaneous
 k - 30 boxes of beasts
 r - a phial of floods
 N - a lightning rod (4/4)
 Z - 32 phantom mirrors
Comestibles
 d - 36 rations


   Skills:
 O Level 27 Fighting
 - Level 16.0 Maces & Flails
 + Level 16.6 Armour
 + Level 18.6 Dodging
 - Level 2.1 Stealth
 O Level 27 Spellcasting
 O Level 27 Conjurations
 - Level 10.0 Charms
 - Level 19.0 Necromancy
 - Level 15.5 Translocations
 - Level 10.0 Transmutations
 O Level 27 Fire Magic
 O Level 27 Ice Magic
 O Level 27 Earth Magic
 + Level 21.7 Evocations


You had 2 spell levels left.
You knew the following spells:

 Your Spells              Type           Power        Failure   Level  Hunger
a - Absolute Zero         Ice            ########..   1%          9    ##.....
b - Stone Arrow           Conj/Erth      ######       0%          3    None
c - Lee's Rapid Deconstr  Erth           ########..   0%          5    None
d - Iron Shot             Conj/Erth      ########..   0%          6    None
e - Fire Storm            Conj/Fire      ########..   1%          9    ##.....
f - Death's Door          Chrm/Necr      ########..   2%          8    None
g - Ignition              Fire           ########..   1%          8    None
h - Necromutation         Tmut/Necr      ########..   2%          8    None
i - Borgnjor's Vile Clut  Necr/Erth      ########..   0%          5    None
j - Shatter               Erth           ########..   1%          9    ##.....
k - Controlled Blink      Tloc           N/A          1%          8    None

Your spell library contained the following spells:

 Spells                   Type           Power        Failure   Level  Hunger
 Lehudib's Crystal Spear  Conj/Erth      ########..   1%          8    None
 Animate Skeleton         Necr           N/A          0%          1    None
 Apportation              Tloc           ######       0%          1    None
 Beastly Appendage        Tmut           ######       0%          1    None
 Foxfire                  Conj/Fire      ####         0%          1    None
 Freeze                   Ice            ####         0%          1    None
 Infusion                 Chrm           ####         0%          1    None
 Magic Dart               Conj           ####         0%          1    None
 Pain                     Necr           ####         0%          1    None
 Sandblast                Erth           ######       0%          1    None
 Shock                    Conj/Air       ####         0%          1    None
 Blink                    Tloc           N/A          0%          2    None
 Corpse Rot               Necr/Air       N/A          0%          2    None
 Ensorcelled Hibernation  Hex/Ice        ######       0%          2    None
 Passwall                 Tmut/Erth      ########     0%          2    None
 Searing Ray              Conj           ######       0%          2    None
 Shroud of Golubria       Chrm/Tloc      ######       0%          2    None
 Song of Slaying          Chrm           #######.     0%          2    None
 Sticks to Snakes         Tmut           #######.     0%          2    None
 Corona                   Hex            #####..      1%          1    None
 Sting                    Tmut/Pois      ####         1%          1    None
 Summon Butterflies       Summ           #####...     1%          1    None
 Summon Small Mammal      Summ           ####         1%          1    None
 Call Imp                 Summ           #####...     1%          2    None
 Poisonous Vapours        Pois/Air       #####.       1%          2    None
 Slow                     Hex            #####...     1%          2    None
 Swiftness                Chrm/Air       ######..     1%          2    None
 Conjure Flame            Conj/Fire      ########     0%          3    None
 Dazzling Flash           Conj/Hex       ######       0%          3    None
 Frozen Ramparts          Ice            ######       0%          3    None
 Gell's Gravitas          Tloc           ########..   0%          3    None
 Ignite Poison            Fire/Tmut/Pois #######.     0%          3    None
 Inner Flame              Hex/Fire       #######.     0%          3    None
 Lesser Beckoning         Tloc           ########..   0%          3    None
 Ozocubu's Armour         Chrm/Ice       ########     0%          3    None
 Static Discharge         Conj/Air       #######.     0%          3    None
 Teleport Other           Tloc           ########     0%          3    None
 Vampiric Draining        Necr           ########..   0%          3    None
 Animate Dead             Necr           N/A          0%          4    None
 Dispel Undead            Necr           ########     0%          4    None
 Fulminant Prism          Conj/Hex       #######...   0%          4    None
 Hailstorm                Conj/Ice       ########     0%          4    None
 Ice Form                 Ice/Tmut       ########     0%          4    None
 Iskenderun's Mystic Bla  Conj/Tloc      ########     0%          4    None
 Leda's Liquefaction      Hex/Erth       #######...   0%          4    None
 Passage of Golubria      Tloc           N/A          0%          4    None
 Petrify                  Tmut/Erth      ########     0%          4    None
 Sticky Flame             Conj/Fire      ########     0%          4    None
 Summon Ice Beast         Ice/Summ       #######.     0%          4    None
 Agony                    Necr           ########     0%          5    None
 Bolt of Magma            Conj/Fire/Erth ########..   0%          5    None
 Fireball                 Conj/Fire      ########..   0%          5    None
 Irradiate                Conj/Tmut      ########..   0%          5    None
 Iskenderun's Battlesphe  Conj/Chrm      ########     0%          5    None
 Ozocubu's Refrigeration  Ice            ########..   0%          6    None
 Simulacrum               Ice/Necr       ########..   0%          6    None
 Starburst                Conj/Fire      ########..   0%          6    None
 Orb of Destruction       Conj           ########..   0%          7    None
 Call Canine Familiar     Summ           #####...     1%          3    None
 Confusing Touch          Hex            #####...     1%          3    None
 Mephitic Cloud           Conj/Pois/Air  #######.     1%          3    None
 Portal Projectile        Hex/Tloc       ######       1%          3    None
 Recall                   Summ/Tloc      N/A          1%          3    None
 Spectral Weapon          Hex/Chrm       ######..     1%          3    None
 Spider Form              Tmut/Pois      ######....   1%          3    None
 Summon Guardian Golem    Hex/Summ       #####...     1%          3    None
 Tukima's Dance           Hex            #####...     1%          3    None
 Airstrike                Air            #####.....   1%          4    None
 Cause Fear               Hex            #####.....   1%          4    None
 Olgreb's Toxic Radiance  Pois           #####...     1%          4    None
 Summon Lightning Spire   Summ/Air       #####...     1%          4    None
 Alistair's Intoxication  Tmut/Pois      ######..     1%          5    None
 Blade Hands              Tmut           #######...   1%          5    None
 Excruciating Wounds      Chrm/Necr      ########..   1%          5    None
 Lightning Bolt           Conj/Air       #######...   1%          5    None
 Metabolic Englaciation   Hex/Ice        #######...   1%          5    None
 Summon Forest            Summ/Tloc      #######...   1%          5    None
 Yara's Violent Unravell  Hex/Tmut       ######....   1%          5    None
 Conjure Ball Lightning   Conj/Air       #######...   1%          6    None
 Death Channel            Necr           ########..   1%          6    None
 Dispersal                Tloc           ########..   1%          6    None
 Freezing Cloud           Conj/Ice/Air   ########..   1%          6    None
 Hydra Form               Tmut           #######...   1%          6    None
 Ring of Flames           Chrm/Fire      ########..   1%          7    None
 Spellforged Servitor     Conj/Summ      #######...   1%          7    None
 Borgnjor's Revivificati  Necr           ########..   1%          8    None
 Chain Lightning          Conj/Air       #######...   1%          8    None
 Disjunction              Tloc           ########..   1%          8    None
 Infestation              Necr           ########..   1%          8    None
 Dragon Form              Tmut           #######...   2%          7    None
 Haunt                    Necr/Summ      #######...   2%          7    None
 Eringya's Noxious Bog    Tmut/Pois      ######....   3%          6    None
 Aura of Abjuration       Summ           #####.....   4%          5    None
 Silence                  Hex/Air        #####.....   4%          5    None
 Summon Demon             Summ           #####.....   4%          5    None
 Summon Mana Viper        Hex/Summ       #####...     4%          5    None
 Malign Gateway           Summ/Tloc      #######...   6%          7    None
 Darkness                 Hex            #####.....   24%         6    None
 Invisibility             Hex            #####...     24%         6    None
 Shadow Creatures         Summ           N/A          24%         6    None
 Summon Hydra             Summ           #####.....   77%         7    None
 Discord                  Hex            #####.....   100%        8    None
 Tornado                  Air            #####.....   100%        9    ##.....
 Sublimation of Blood     Necr           Unusable     N/A         2    N/A
 Statue Form              Tmut/Erth      Unusable     N/A         6    N/A

Dungeon Overview and Level Annotations

Branches:
Dungeon (15/15)            Temple (1/1) D:7            Lair (6/6) D:8
 Shoals (4/4) Lair:2       Spider (4/4) Lair:4        Slime (5/5) Lair:6
    Orc (2/2) D:12            Elf (3/3) Orc:2        Vaults (5/5) D:13
  Crypt (3/3) Vaults:2       Tomb (0/3) Crypt:3      Depths (5/5) D:15
    Zot (5/5) Depths:5      IceCv (visited)          WizLab (visited)
Gauntlet (visited)

Altars:
Ashenzari
Cheibriados
Dithmenos
Elyvilon
Fedhas
Gozag
Hepliaklqana
Kikubaaqudgha
Makhleb
Nemelex Xobeh
Okawaru
Qazlal
Ru
Sif Muna
Trog
Uskayaw
Vehumet
Wu Jian
Xom
Yredelemnul
Zin
The Shining One
Beogh
Jiyva

Shops:
D:5 (   D:7 (   D:10 :   D:11 %   Orc:2 %(!   Elf:2 [((   Vaults:1 *
Vaults:5 ??!

Portals:
Hell: Depths:1 Depths:2 Depths:3 Depths:4 Depths:5
Abyss: Depths:4
Pandemonium: Depths:3

Annotations:
D:10 2 transporters, drwowa's ghost, novice GnSk
D:12 2 transporters
Lair:2 1 transporter, Conn's ghost, journeyman OpCj
Lair:3 2 transporters, astraldaughter's ghost, journeyman DsCj
Lair:5 1 runed translucent door, Uras's ghost, journeyman MfSk
Shoals:2 Mara
Elf:2 5 runed translucent doors


Innate Abilities, Weirdness & Mutations

You are resistant to torment.
Your stone body is resilient. (AC +20)
You are immune to poison.
Your large and strong wings let you fly indefinitely.
You resist negative energy. (rN+)
You are resistant to electric shocks. (rElec)
You can survive without breathing.
You are immune to petrification.
You are immune to rotting.
You are partially covered in thin metallic scales. (AC +2)
Your mind is acute. (Int +2)
You are clumsy. (Dex -2)
Your flesh is cold resistant. (rC+)


Message History

Vehumet accepts your kill.
You destroy the mummy!
Vehumet accepts your kill.
The mummy priest is almost destroyed.
The storm dragon zombie is lightly damaged.
You destroy the mummy!
Vehumet accepts your kill.
Ka-crash!
You feel extremely nervous for a moment...
You feel homesick.
You feel extremely nervous for a moment...
Pain shoots through your body!
You feel extremely nervous for a moment...
Pain shoots through your body!
Your life is in your own hands again!
You step away from death's doorway.
The bennu pecks you but does no damage.
The bennu claws you but does no damage. x2
The shadow dragon zombie barely misses you.
The shadow dragon zombie claws you but does no damage. x2
The titan zombie hits you!!
You die...

▓▓▓▓▓▓▓▓▓▓▓▓
...........▓▓
............▓▓
.............▓▓
#.............▓▓
#..............▓▓
.......Zb.......▓▓
....Z§Z@b........▓▓
...§M.Z§...§......▓▓
.M....§§.........∩.▓
.Z..M§............▓▓
.......§.........▓▓
................▓▓
...†...........▓▓
#.............▓▓
............▓▓


You could see a greater mummy, 2 bennus, 2 mummy priests, a shadow dragon
zombie, 2 storm dragon zombies, a titan zombie and a titan skeleton.

Vanquished Creatures
  the Royal Jelly (Slime:5)
  Dissolution (Slime:3)
  23 ancient liches
  The ghost of Majang the Phalangite, a legendary MfIE of Cheibriados (Zot:5)
  3 juggernauts
  8 orbs of fire (Zot:5)
  21 Killer Klowns
  Frederick (Depths:5)
  17 greater mummies
  14 pandemonium lords
  Margery (Depths:4)
  6 shard shrikes
  3 curse toes
  43 golden dragons
  22 caustic shrikes
  2 pearl dragons (Zig:4)
  Nikola (Spider:2)
  20 bone dragons
  4 profane servitors
  the Enchantress (Depths:5)
  3 Tzitzimimeh (Zig:15)
  8 Brimstone Fiends
  7 hellephants
  9 electric golems
  23 tentacled monstrosities
  3 iron giants (Zig:23)
  An iron giant (shapeshifter) (Zig:16)
  18 liches
  10 Ice Fiends
  21 titans
  25 Orb Guardians (Zot:5)
  The ghost of Ludwuzim the Eclecticist, an adept OpEE of Vehumet (Spider:2)
  5 quicksilver dragons
  5 Hell Sentinels
  10 deep elf master archers
  A sphinx (shapeshifter) (Zig:6)
  12 deep elf blademasters
  42 acid blobs
  Frances (Shoals:2)
  30 tentacled starspawn
  6 Executioners
  21 ancient champions
  12 death cobs
  8 shadow dragons
  Kirke (Shoals:4)
  2 thorn hunters
  13 sphinxes
  Donald (Shoals:1)
  16 revenants
  36 draconian monks
  27 storm dragons
  Roxanne (Elf:3)
  2 azure jellies (shapeshifter)
  Polyphemus (Shoals:4)
  9 tengu reavers
  40 nagarajas
  21 azure jellies
  16 vault wardens
  2 daevas
  12 fire giants
  3 iron dragons
  Aizul (Shoals:4)
  45 ghost moths
  14 frost giants
  28 draconian scorchers
  34 draconian knights
  An iron dragon (shapeshifter) (Zig:16)
  10 caustic shrike zombies
  7 deep elf elementalists
  12 deep elf sorcerers
  A frost giant (shapeshifter) (Zig:6)
  An emperor scorpion (shapeshifter) (Zig:21)
  29 draconian shifters
  Louise (Shoals:2)
  13 curse skulls
  6 cacodemons
  5 juggernaut zombies
  An angel (Zig:4)
  A ghost moth (shapeshifter) (Zig:21)
  9 corrupters
  12 balrugs
  A warmonger (Zig:15)
  28 emperor scorpions
  34 draconian stormcallers
  6 orc warlords
  37 draconian annihilators
  8 juggernaut skeletons
  8 spriggan defenders
  28 reapers
  A stone giant (shapeshifter) (Zig:16)
  41 very ugly things
  26 ironheart preservers
  32 entropy weavers
  9 ghouls
  34 stone giants
  8 caustic shrike skeletons
  3 black suns (Zig:15)
  15 vampire knights
  10 bennus
  9 war gargoyles
  3 apis (Zig:4)
  An entropy weaver (shapeshifter) (Zig:21)
  3 blood saints (Zig:15)
  2 grey draconians (Depths:5)
  Nessos (D:14)
  15 deep elf demonologists
  15 dire elephants
  4 lorocyprocas
  20 green draconians
  23 white draconians
  A dire elephant (shapeshifter) (Zig:27)
  21 purple draconians
  15 deep elf annihilators
  30 black draconians
  15 spark wasps
  5 spectral titans (Crypt:3)
  A minotaur (Gauntlet)
  22 eidola
  26 yellow draconians
  21 red draconians
  17 green deaths
  18 blizzard demons
  An ettin (shapeshifter) (Zig:27)
  A fire dragon (shapeshifter) (Zig:13)
  2 spectral quicksilver dragons
  3 crystal guardians
  16 deep elf death magi
  5 merfolk javelineers
  16 jiangshi
  Josephine (D:14)
  18 ogre magi
  23 mummy priests
  Snorg (D:14)
  15 death oozes
  9 merfolk impalers
  16 ettins
  6 quicksilver dragon zombies
  9 fire dragons
  19 deep elf high priests
  34 hydras
  2 spectral golden dragons
  26 great orbs of eyes
  A spectral shadow dragon (Crypt:3)
  29 yaktaur captains
  18 ice dragons
  8 spriggan air magi
  11 naga warriors
  A quicksilver dragon skeleton (Zig:26)
  27 vault guards
  5 rakshasas
  An alligator snapping turtle (Shoals:4)
  2 hell beasts (Zig:15)
  2 anacondas (shapeshifter)
  3 ghost crabs
  2 spectral frost giants (Crypt:3)
  13 centaur warriors
  11 merfolk aquamancers
  2 monstrous demonspawn
  15 catoblepae
  A spectral fire giant (Crypt:3)
  9 anacondas
  12 shambling mangroves
  10 alligators
  An alligator snapping turtle (shapeshifter) (Zig:6)
  8 death scarabs
  The ghost of ICC the Slicer, a journeyman VSFi of Wu Jian (Orc:2)
  16 death yaks
  10 deep troll shamans
  3 satyrs
  8 deep troll earth magi
  A satyr (shapeshifter) (Zig:27)
  7 tengu warriors
  31 two-headed ogres
  A two-headed ogre (shapeshifter) (Zig:16)
  36 dancing weapons
  4 merfolk avatars
  22 vampire magi
  A death yak (shapeshifter) (Zig:16)
  10 death knights
  10 naga sharpshooters
  5 spectral storm dragons (Crypt:3)
  6 storm dragon zombies
  6 hell hogs
  3 shock serpents (shapeshifter)
  9 orc high priests
  18 thrashing horrors
  4 spriggan berserkers
  13 titan zombies
  32 deep elf knights
  5 iron golems
  6 shock serpents
  Urug (Orc:1)
  7 titan skeletons
  3 fire crabs (shapeshifter)
  2 spectral yellow draconians (Zot:5)
  5 sun demons
  8 soul eaters
  7 hell knights
  2 iron trolls (shapeshifter)
  35 skeletal warriors
  6 spark wasp zombies
  10 storm dragon skeletons
  A spectral emperor scorpion (Crypt:3)
  4 salamander mystics
  5 sixfirhies
  A spectral ghost moth (Zot:5)
  5 golden dragon zombies
  45 wretched stars
  3 swamp dragons (shapeshifter)
  4 iron trolls
  3 deep trolls (shapeshifter)
  11 spatial maelstroms
  2 wizards
  A death drake (shapeshifter) (Vaults:3)
  8 death drakes
  26 flayed ghosts
  22 shadow wraiths
  A kraken simulacrum (Shoals:4)
  2 sea snakes (shapeshifter) (Zig:21)
  A glowing orange brain (shapeshifter) (Zig:27)
  8 unseen horrors
  18 sea snakes
  10 glowing orange brains
  A ghost moth zombie (Crypt:3)
  A cherub (Zig:4)
  10 tengu zombies
  27 deep trolls
  4 golden dragon skeletons
  14 shadow dragon zombies
  5 orange crystal statues
  20 swamp dragons
  18 harpies
  3 shadow demons
  24 phantasmal warriors
  9 spriggan druids
  48 orb spiders
  7 obsidian statues
  30 deep elf archers
  2 harpies (shapeshifter)
  3 naga ritualists (Zig:25)
  3 sphinx zombies
  20 ironbrand convokers
  16 orc knights
  64 wolf spiders
  7 necromancers
  6 mana vipers
  2 spectral ettins (Crypt:3)
  15 cyclopes
  104 deep elf magi
  4 shadow dragon skeletons
  7 iron dragon zombies
  8 orc sorcerers
  9 shining eyes
  4 sphinx skeletons
  3 oklob plants (Lair:1)
  2 wolf spiders (shapeshifter)
  A stone giant zombie (Orc:1)
  4 cyclopes (shapeshifter)
  17 manticores
  11 fauns
  9 tengu skeletons
  2 salamanders
  A fire giant zombie (Zig:10)
  3 fauns (shapeshifter)
  6 worldbinders
  49 ugly things
  5 merfolk sirens
  An elephant (shapeshifter) (Vaults:4)
  12 guardian serpents
  27 black mambas
  4 ice statues
  A fire giant skeleton (Depths:4)
  11 rust devils
  22 vault sentinels
  3 frost giant skeletons
  7 iron dragon skeletons
  43 moths of wrath
  2 moths of wrath (shapeshifter)
  2 black mambas (shapeshifter)
  A water nymph (shapeshifter) (Zig:21)
  3 stone giant skeletons
  12 elephants
  An eye of devastation (shapeshifter) (Zig:12)
  9 apocalypse crabs
  Psyche (D:11)
  25 smoke demons
  14 naga magi
  A dire elephant skeleton (Abyss:2)
  5 centaur skeletons
  9 gargoyles
  21 torpor snails
  7 eyes of devastation
  69 large abominations
  A torpor snail (shapeshifter) (Zig:16)
  7 water nymphs
  30 spiny frogs
  17 hellions
  A yellow draconian zombie (Crypt:1)
  4 orange demons (Zig:15)
  7 efreet
  A shock serpent skeleton (Crypt:2)
  55 freezing wraiths
  15 komodo dragons
  32 demonic crawlers
  A spiny frog (shapeshifter) (Zig:21)
  A komodo dragon (shapeshifter) (Zig:13)
  7 rime drakes
  79 yaktaurs
  51 guardian mummies
  A kobold demonologist (D:14)
  4 hellwings
  2 trolls (shapeshifter)
  A grey draconian skeleton (Crypt:2)
  19 tormentors
  27 ancient zymes
  A death yak skeleton (Crypt:1)
  A red draconian skeleton (Crypt:3)
  A pale draconian skeleton (Crypt:1)
  A queen bee (D:8)
  A meliai (shapeshifter) (Vaults:4)
  17 polar bears
  10 ice devils
  2 silent spectres (Zig:10)
  8 trolls
  A ghost moth simulacrum (Zot:5)
  4 tengu conjurers
  A merfolk (shapeshifter) (Zig:12)
  27 merfolk
  4 wind drakes
  A shadow dragon simulacrum (Zot:5)
  8 red devils
  65 jumping spiders
  3 jumping spiders (shapeshifter)
  3 spectral moths of wrath (Zot:5)
  10 tyrant leeches
  37 hornets
  11 blink frogs
  A yaktaur skeleton (Vaults:2)
  A snapping turtle (shapeshifter) (Zig:21)
  Grinder (D:3)
  17 bog bodies
  113 slime creatures
  A tengu simulacrum (Zig:14)
  25 hippogriffs
  30 small abominations
  A spectral swamp dragon (Crypt:3)
  A raiju (shapeshifter) (Zig:27)
  A human simulacrum (Vaults:3)
  3 slime creatures (shapeshifter)
  10 spriggan zombies
  A frost giant simulacrum (Zig:2)
  A stone giant simulacrum (Crypt:3)
  4 dream sheep
  2 dream sheep (shapeshifter)
  36 raiju
  A fire dragon skeleton (Crypt:2)
  An iron dragon simulacrum (Zig:26)
  33 flying skulls
  An ettin skeleton (Crypt:3)
  7 snapping turtles
  Sigmund (D:2)
  11 spriggans
  12 ynoxinuls
  10 shadows
  5 air elementals
  113 redbacks
  5 spriggan skeletons
  62 tarantellas
  4 tarantellas (shapeshifter)
  7 wyverns
  29 elf zombies
  23 wraiths
  A fire bat (Abyss:2)
  3 spriggans (shapeshifter)
  A hog (shapeshifter) (D:15)
  2 basilisks (shapeshifter)
  18 water elementals
  2 redbacks (shapeshifter)
  A hog (Shoals:4)
  A yak (shapeshifter) (Zig:16)
  55 yaks
  20 ushabtiu
  Grum (D:8)
  8 basilisks
  11 fire elementals
  A human (shapeshifter) (Vaults:3)
  An alligator skeleton (Crypt:1)
  A purple draconian simulacrum (Zot:5)
  8 golden eyes
  15 vampire mosquitoes
  11 hungry ghosts
  12 neqoxecs
  13 chaos spawn
  10 wargs
  A white draconian simulacrum (Zot:5)
  A human zombie (Zig:9)
  6 insubstantial wisps
  10 nagas
  A black draconian simulacrum (Zot:5)
  5 spatial vortices (Zig:14)
  2 swamp worms (shapeshifter) (Vaults:5)
  A soldier ant (shapeshifter) (Vaults:5)
  20 water moccasins
  2 spectral snapping turtles (Crypt:3)
  3 acid dragons
  7 hell hounds
  A porcupine (shapeshifter) (Vaults:5)
  4 porcupines
  4 floating eyes
  A water moccasin (shapeshifter) (Zig:15)
  3 floating eyes (shapeshifter)
  17 swamp drakes
  3 hornet zombies
  19 ice beasts
  56 ogres
  57 orc warriors
  4 sky beasts
  An ogre (shapeshifter) (Depths:2)
  3 eyes of draining (shapeshifter)
  7 necrophages
  15 eyes of draining
  2 ettin simulacra (Crypt:3)
  4 phantoms
  2 boggarts
  15 elf skeletons
  34 crocodiles
  44 centaurs
  32 wolves
  7 big kobolds
  A hog skeleton (Crypt:3)
  Blork the orc (D:5)
  15 bullfrogs
  A yaktaur zombie (Crypt:1)
  8 human skeletons (Vaults:2)
  12 earth elementals
  A scorpion (D:4)
  A wyvern skeleton (D:14)
  A shapeshifter zombie (Crypt:1)
  4 troll zombies
  A yak zombie (Crypt:1)
  32 killer bees
  11 wights
  A raiju skeleton (Crypt:2)
  6 howler monkeys
  8 electric eels
  9 crimson imps
  5 bullfrog zombies
  46 starcursed masses
  6 jellies
  4 quasits (Abyss:2)
  4 centaur zombies
  A demonspawn zombie (Crypt:3)
  2 gnoll shamans (Zig:16)
  3 hounds
  4 bullfrog skeletons
  10 orc priests
  17 orc wizards
  7 iron imps
  Jessica (D:3)
  10 iguanas
  11 worker ants
  5 ogre zombies (D:12)
  2 acid dragon skeletons
  5 hound zombies
  2 hound skeletons
  63 mummies
  8 gnolls
  A howler monkey skeleton (D:11)
  15 adders
  6 shadow imps
  A swamp drake skeleton (Crypt:2)
  33 white imps
  An ufetubus (Abyss:2)
  4 oozes
  2 adder zombies (D:5)
  4 worms
  2 dart slugs
  6 leopard geckos
  66 orcs
  7 giant cockroaches
  10 goblins
  8 hobgoblins
  11 jackals
  25 kobolds
  4 quokkas
  3 ball pythons
  A ball python skeleton (Crypt:3)
  9 bats
  10 frilled lizards
  A goblin skeleton (D:12)
  2 goblin zombies (D:12)
  4 hobgoblin skeletons (D:12)
  3 hobgoblin zombies (D:12)
  3 orc skeletons
  13 orc zombies (D:12)
  2 quokka skeletons
  7 rats
  A rat skeleton (Crypt:3)
  14 blocks of ice
  20 briar patches
  11 crawling corpses
  114 fire vortices
  A lurking horror (Abyss:2)
  10 plants
  17 starspawn tentacles
  3 tentacles (Shoals:4)
  A withered plant (Shoals:3)
5926 creatures vanquished.

Vanquished Creatures (collateral kills)
  An ancient lich (Zot:5)
  A Killer Klown (Zot:5)
  A tentacled monstrosity (Zot:1)
  4 acid blobs
  An azure jelly (Zig:16)
  2 entropy weavers (Zig:24)
  An apis (Zig:4)
  A very ugly thing (Depths:5)
  A great orb of eyes (Zig:22)
  2 hydras
  A thrashing horror (Zig:12)
  A wretched star (Zig:18)
  A golden dragon zombie (Zig:10)
  A sphinx zombie (Zig:13)
  A starcursed mass (Zig:20)
  A moth of wrath (Zig:24)
  An apocalypse crab (Zig:16)
  A spiny frog (Zig:11)
  An elf zombie (Zig:26)
  An elf skeleton (Zig:26)
  A hornet (Zig:15)
  2 slime creatures
  A ynoxinul (Zig:15)
  A yak (Zig:11)
  A golden eye (Zig:22)
  A chaos spawn (Zig:16)
  A water moccasin (Zig:8)
  A white imp (Zig:26)
34 creatures vanquished.

Vanquished Creatures (others)
  A golden dragon (Zig:21)
  A draconian annihilator (Zig:13)
  A spatial maelstrom (Zig:26)
  A naga ritualist (Zig:25)
  A deep elf mage (Elf:2)
  An orb spider (Spider:3)
  An ancient zyme (Zig:26)
  A jumping spider (Spider:3)
  2 hornets
  A ynoxinul (Zig:15)
  2 tarantellas (Spider:3)
  A water elemental (Zig:15)
  A redback (Spider:3)
  A yak (IceCv)
  A golden eye (Zig:26)
  An ogre (Vaults:2)
  3 wolves (IceCv)
  A small abomination (Zig:26)
  8 ball lightnings (Zot:5)
  10 blocks of ice
  6 briar patches
  384 fire vortices
  15 fungi
  29 plants
  25 starspawn tentacles
  A tentacle (Shoals:4)
500 creatures vanquished.

Grand Total: 6460 creatures vanquished

Notes
Turn   | Place    | Note
-------+----------+-------------------------------------------
     0 | D:1      | Ravlon the Gargoyle Earth Elementalist began the quest for
                  | the Orb.
     0 | D:1      | Reached XP level 1. HP: 10/10 MP: 3/3
   180 | D:1      | Reached XP level 2. HP: 11/15 MP: 3/5
   538 | D:1      | Reached XP level 3. HP: 15/19 MP: 6/6
   543 | D:1      | Learned a level 3 spell: Stone Arrow
  1194 | D:2      | Reached skill level 1 in Conjurations
  1194 | D:2      | Reached XP level 4. HP: 15/24 MP: 0/8
  1529 | D:2      | Noticed Sigmund
  1807 | D:2      | Found a bloodstained altar of Trog.
  1810 | D:2      | Reached skill level 5 in Earth Magic
  1961 | D:2      | Reached XP level 5. HP: 26/28 MP: 7/9
  2034 | D:2      | Killed Sigmund
  2034 | D:2      | Reached XP level 6. HP: 21/32 MP: 8/11
  2274 | D:2      | Learned a level 5 spell: Lee's Rapid Deconstruction
  2394 | D:2      | Found a faded altar of an unknown god.
  2867 | D:3      | Noticed Grinder
  2872 | D:3      | Paralysed by Grinder for 3 turns
  2878 | D:3      | Killed Grinder
  2878 | D:3      | Reached XP level 7. HP: 29/36 MP: 7/13
  3192 | D:3      | Noticed Jessica
  3195 | D:3      | Killed Jessica
  4620 | D:4      | Reached skill level 5 in Spellcasting
  4951 | D:4      | Found a shimmering blue altar of Sif Muna.
  5194 | D:4      | Reached XP level 8. HP: 20/41 MP: 13/15
  5648 | D:5      | Entered Level 5 of the Dungeon
  5656 | D:5      | Noticed Blork the orc
  5659 | D:5      | Reached skill level 5 in Conjurations
  5669 | D:5      | Killed Blork the orc
  5824 | D:5      | Found Cuptush's Antique Weapon Shoppe.
  5861 | D:5      | Found a shimmering altar of Xom.
  5868 | D:5      | Found a shattered altar of Ashenzari.
  6155 | D:5      | Found a white marble altar of Elyvilon.
  6638 | D:6      | Reached XP level 9. HP: 45/45 MP: 18/18
  7138 | D:6      | Reached skill level 1 in Armour
  7166 | D:6      | Reached skill level 1 in Fighting
  7166 | D:6      | Reached skill level 1 in Maces & Flails
  7166 | D:6      | Reached skill level 1 in Evocations
  8229 | D:7      | Found a hazy altar of Hepliaklqana.
  8337 | D:7      | Found a snail-covered altar of Cheibriados.
  8388 | D:7      | Found a staircase to the Ecumenical Temple.
  8407 | Temple   | Entered the Ecumenical Temple
  8694 | D:7      | Found Baduloux's Weapon Shoppe.
  9003 | D:8      | Reached XP level 10. HP: 54/54 MP: 13/20
  9228 | D:8      | Found a staircase to the Lair.
  9483 | D:8      | Noticed Grum
  9506 | D:8      | Killed Grum
 10239 | D:9      | Found a radiant altar of Vehumet.
 10240 | D:9      | Found a glowing golden altar of the Shining One.
 10242 | D:9      | Found a sparkling altar of Nemelex Xobeh.
 10242 | D:9      | Found a sacrificial altar of Ru.
 10346 | D:9      | Became a worshipper of Vehumet
 11026 | D:9      | Reached skill level 10 in Earth Magic
 11029 | D:9      | Reached XP level 11. HP: 61/61 MP: 5/22
 11174 | D:10     | Entered Level 10 of the Dungeon
 11246 | D:10     | Learned a level 2 spell: Passwall
 11393 | D:10     | Found Gyziz's Book Emporium.
 11482 | D:10     | Reached * piety under Vehumet
 11482 | D:10     | Offered knowledge of Foxfire by Vehumet.
 11801 | D:10     | Noticed an ettin
 11803 | D:10     | Noticed drwowa's ghost (novice GnSk)
 11809 | D:10     | Found a transporter.
 11812 | D:10     | Found a transporter.
 12156 | D:10     | Gained mutation: Your mind is acute. (Int +2) [potion of
                  | mutation]
 12156 | D:10     | Gained mutation: Your flesh is cold resistant. (rC+)
                  | [potion of mutation]
 12156 | D:10     | Gained mutation: Your flesh is heat resistant. (rF+)
                  | [potion of mutation]
 12461 | D:10     | Reached skill level 5 in Armour
 12641 | D:11     | Found a gate leading to a gauntlet.
 12651 | Gauntlet | Entered a Gauntlet
 12651 | Gauntlet | Found a transporter.
 12651 | Gauntlet | Noticed an oklob plant
 12661 | Gauntlet | Found a transporter.
 12664 | Gauntlet | Found a transporter.
 12665 | Gauntlet | Found a transporter.
 12671 | Gauntlet | Found a runed translucent gate.
 12671 | Gauntlet | Found a runed translucent gate.
 12671 | Gauntlet | Found a runed translucent gate.
 12673 | Gauntlet | Found a transporter.
 12676 | Gauntlet | Found a transporter.
 12677 | Gauntlet | Found a transporter.
 12680 | Gauntlet | Noticed a sixfirhy
 12688 | Gauntlet | Found a transporter.
 12689 | Gauntlet | Found a transporter.
 12689 | Gauntlet | Found a transporter.
 12697 | Gauntlet | Noticed an entropy weaver
 12700 | Gauntlet | Found a transporter.
 12701 | Gauntlet | Found a transporter.
 12702 | Gauntlet | Found a transporter.
 12705 | Gauntlet | Found a runed translucent door.
 12705 | Gauntlet | Found a runed translucent door.
 12709 | Gauntlet | Found a transporter.
 12926 | Gauntlet | Noticed a minotaur
 12937 | Gauntlet | Killed a minotaur
 12937 | Gauntlet | Reached skill level 5 in Fighting
 13136 | Gauntlet | Got an ivory short sword
 13142 | Gauntlet | Identified the cursed +1 short sword of Dim Light {vorpal,
                  | rF+ rC- MR++ Str-2} (You found it in a Gauntlet)
 13148 | D:11     | Noticed Psyche
 13160 | D:11     | Paralysed by Psyche for 5 turns
 13166 | D:11     | Killed Psyche
 13428 | D:11     | Noticed a manticore
 13437 | D:11     | Killed a manticore
 13786 | D:11     | Killed an unseen horror
 13786 | D:11     | Reached skill level 5 in Maces & Flails
 14137 | D:11     | Found Vyqyo's Food Shop.
 14150 | D:11     | You fall into a shaft and drop 2 floors!
 14231 | D:12     | Found a transporter.
 14247 | D:12     | Noticed a five-headed hydra
 14606 | D:11     | Noticed a brown ugly thing
 14608 | D:11     | Noticed a phantasmal warrior
 14617 | D:11     | Killed a phantasmal warrior
 14623 | D:11     | Killed a brown ugly thing
 14624 | D:11     | Reached ** piety under Vehumet
 14629 | D:11     | Offered knowledge of Freeze by Vehumet.
 15058 | D:12     | Found a staircase to the Orcish Mines.
 15099 | D:12     | Reached XP level 12. HP: 53/69 MP: 21/24
 15344 | D:12     | Found a transporter.
 15362 | D:12     | Offered knowledge of Inner Flame by Vehumet.
 15719 | D:12     | Reached *** piety under Vehumet
 15808 | D:12     | Reached skill level 5 in Evocations
 15964 | D:12     | Offered knowledge of Frozen Ramparts by Vehumet.
 16002 | D:12     | Reached skill level 5 in Dodging
 16328 | D:13     | Noticed a centaur warrior
 16337 | D:13     | Killed a centaur warrior
 16409 | D:13     | Noticed a centaur warrior
 16414 | D:13     | Killed a centaur warrior
 16524 | D:13     | Reached **** piety under Vehumet
 16652 | D:13     | Noticed an ice dragon
 16804 | D:13     | Noticed an eight-headed hydra
 16919 | D:13     | Killed an eight-headed hydra
 16922 | D:13     | Offered knowledge of Airstrike by Vehumet.
 17442 | D:13     | Killed an ice dragon
 17490 | D:13     | Reached XP level 13. HP: 73/76 MP: 16/25
 17569 | D:13     | Found a gate to the Vaults.
 17642 | D:13     | Identified a scroll of acquirement
 17699 | D:13     | Reached skill level 10 in Conjurations
 18384 | D:14     | Noticed Josephine
 18399 | D:14     | Killed Josephine
 18716 | D:13     | Paralysed by a wizard for 4 turns
 19049 | D:14     | Noticed Snorg
 19052 | D:14     | Noticed Nessos
 19264 | D:14     | Killed Nessos
 19661 | D:15     | Entered Level 15 of the Dungeon
 19665 | D:14     | Reached ***** piety under Vehumet
 19817 | D:8      | Upgraded the game from 0.26-a0-84-g8c18429211 to
                  | 0.26-a0-111-g8f6dc4e0a5
 19902 | Lair:1   | Entered Level 1 of the Lair of Beasts
 19965 | Lair:1   | Learned a level 6 spell: Iron Shot
 19971 | Lair:1   | Learned a level 5 spell: Bolt of Magma
 20015 | Lair:1   | Offered knowledge of Olgreb's Toxic Radiance by Vehumet.
 20024 | Lair:1   | Reached skill level 1 in Fire Magic
 21437 | Lair:1   | Got a twitching tin ring
 21443 | Lair:1   | Identified the ring "Miow" {rCorr Int+4} (You found it on
                  | level 1 of the Lair of Beasts)
 21864 | Lair:2   | Found a transporter.
 21866 | Lair:2   | Noticed Conn's ghost (journeyman OpCj)
 21868 | Lair:2   | Found a staircase to the Shoals.
 21873 | Lair:2   | Found a transporter.
 23202 | Lair:3   | Found a transporter.
 23203 | Lair:3   | Found a transporter.
 23204 | Lair:3   | Noticed astraldaughter's ghost (journeyman DsCj)
 23455 | Lair:3   | Gained mutation: Your large and strong wings let you fly
                  | indefinitely. [Gargoyle growth]
 23455 | Lair:3   | Reached XP level 14. HP: 84/84 MP: 17/27
 24412 | Lair:4   | Found a hole to the Spider Nest.
 25851 | Lair:5   | Found a runed translucent door.
 25855 | Lair:5   | Noticed Uras's ghost (journeyman MfSk)
 25857 | Lair:5   | Identified the +6 trident of Xyazxiw {elec, rF- Str+4
                  | Dex+4}
 26002 | Lair:6   | Entered Level 6 of the Lair of Beasts
 26025 | Lair:6   | Found a frozen archway.
 26046 | IceCv    | Entered an ice cave
 26258 | IceCv    | Reached skill level 5 in Fire Magic
 26673 | IceCv    | Reached skill level 10 in Spellcasting
 26899 | IceCv    | Noticed a frost giant
 26904 | IceCv    | Killed a frost giant
 26998 | IceCv    | Found the +3 crown of Dyrovepreva {rElec Int+2 SInv}
 27083 | Lair:6   | Offered knowledge of Conjure Ball Lightning by Vehumet.
 27782 | Lair:6   | Found a staircase to the Slime Pits.
 27783 | Lair:6   | Found a viscous altar of Jiyva.
 27864 | Lair:6   | Reached XP level 15. HP: 81/91 MP: 24/29
 29672 | Orc:1    | Entered Level 1 of the Orcish Mines
 29682 | Orc:1    | Noticed an orc warlord
 29703 | Orc:1    | Noticed Urug
 29922 | Orc:1    | Reached skill level 10 in Fighting
 30313 | Orc:1    | Offered knowledge of Fireball by Vehumet.
 30330 | Orc:1    | Killed an orc warlord
 30352 | Orc:1    | Killed Urug
 31869 | Orc:1    | Noticed a fire giant
 31878 | Orc:1    | Killed a fire giant
 32151 | Orc:2    | Entered Level 2 of the Orcish Mines
 32359 | Orc:2    | Found a roughly hewn altar of Beogh.
 32482 | Orc:2    | Found a runed translucent door.
 32489 | Orc:2    | Noticed ICC's ghost (journeyman VSFi)
 32753 | Orc:2    | Found a staircase to the Elven Halls.
 32858 | Orc:2    | Paralysed by an orc sorcerer for 2 turns
 32889 | Orc:2    | Reached XP level 16. HP: 87/98 MP: 20/30
 32906 | Orc:2    | Offered knowledge of Lightning Bolt by Vehumet.
 33241 | Orc:2    | Found Nehequ Leto's Weapon Shop.
 33241 | Orc:2    | Found Caawnak's Magic Scroll Shoppe.
 33244 | Orc:2    | Found Icwai's Distillery.
 33247 | Orc:2    | Found Taklua's Food Boutique.
 33256 | Orc:2    | Bought a scroll of teleportation for 45 gold pieces
 33256 | Orc:2    | Bought a scroll of identify for 30 gold pieces
 33256 | Orc:2    | Bought a scroll of amnesia for 52 gold pieces
 33256 | Orc:2    | Bought a scroll of identify for 30 gold pieces
 33256 | Orc:2    | Bought a scroll of identify for 30 gold pieces
 33256 | Orc:2    | Bought a scroll of identify for 30 gold pieces
 33256 | Orc:2    | Bought a scroll of magic mapping for 52 gold pieces
 33256 | Orc:2    | Bought a scroll of teleportation for 45 gold pieces
 33258 | Orc:2    | Bought a potion of cancellation for 112 gold pieces
 33258 | Orc:2    | Bought a potion of heal wounds for 70 gold pieces
 33258 | Orc:2    | Bought a potion of brilliance for 56 gold pieces
 33258 | Orc:2    | Bought a potion of haste for 140 gold pieces
 33258 | Orc:2    | Bought a potion of haste for 140 gold pieces
 33258 | Orc:2    | Bought a potion of curing for 42 gold pieces
 33258 | Orc:2    | Bought a potion of magic for 112 gold pieces
 33258 | Orc:2    | Bought a potion of mutation for 112 gold pieces
 33258 | Orc:2    | Bought a potion of mutation for 112 gold pieces
 33258 | Orc:2    | Bought 2 potions of cancellation for 224 gold pieces
 33258 | Orc:2    | Bought a potion of curing for 42 gold pieces
 33258 | Orc:2    | Bought a potion of curing for 42 gold pieces
 33570 | Orc:2    | Killed ICC's ghost
 33577 | Orc:2    | Got a crude lead ring
 33578 | Orc:2    | Identified the Handbook of Talismans and the Traveller
 33583 | Orc:2    | Identified the ring of Qamae {+Inv EV+4 Str-3 Stlth+} (You
                  | found it on level 2 of the Orcish Mines)
 33813 | D:14     | Killed Snorg
 34658 | D:15     | Reached skill level 10 in Maces & Flails
 35115 | D:15     | Offered knowledge of Starburst by Vehumet.
 35129 | D:15     | Learned a level 6 spell: Starburst
 35192 | D:15     | Found a staircase to the Depths.
 35299 | D:15     | Upgraded the game from 0.26-a0-111-g8f6dc4e0a5 to
                  | 0.26-a0-149-g49b1be5409
 35656 | Spider:1 | Entered Level 1 of the Spider Nest
 36345 | Spider:1 | Reached skill level 10 in Fire Magic
 36790 | Spider:2 | Found a transporter.
 36802 | Spider:2 | Noticed Ludwuzim's ghost (adept OpEE)
 36843 | Spider:2 | Found a transporter.
 37509 | Spider:2 | Reached XP level 17. HP: 75/104 MP: 9/32
 38088 | Spider:2 | Got a bloodstained cloak
 38185 | Spider:2 | Identified the cursed +0 cloak of Gehenna {*Corrode rC+
                  | Str+3 Int+2} (You found it on level 2 of the Spider Nest)
 38240 | Spider:2 | Killed Ludwuzim's ghost
 38379 | Spider:2 | Learned a level 5 spell: Irradiate
 38492 | Spider:3 | Noticed Nikola
 38709 | Spider:3 | Reached ****** piety under Vehumet
 38712 | Spider:3 | Offered knowledge of Ozocubu's Refrigeration by Vehumet.
 38883 | Spider:2 | HP: 5/104 [spark wasp (5)]
 39169 | Spider:2 | Killed Nikola
 39960 | Spider:4 | Entered Level 4 of the Spider Nest
 40736 | Spider:4 | Offered knowledge of Chain Lightning by Vehumet.
 41867 | Spider:4 | Reached XP level 18. HP: 87/112 MP: 30/33
 41970 | Spider:4 | Reached skill level 15 in Earth Magic
 43422 | Spider:4 | Got a gossamer rune of Zot
 43663 | Shoals:1 | Entered Level 1 of the Shoals
 43805 | Shoals:1 | Offered knowledge of Lehudib's Crystal Spear by Vehumet.
 43805 | Shoals:1 | Offered knowledge of Shatter by Vehumet.
 43805 | Shoals:1 | Offered knowledge of Absolute Zero by Vehumet.
 44091 | Shoals:1 | Noticed Donald
 44105 | Shoals:1 | Killed Donald
 44637 | Shoals:1 | Found the +2 ratskin cloak {+Rats rPois rN+ Str-1 Int-1
                  | Dex+1}
 45154 | Shoals:2 | Noticed Frances
 45162 | Shoals:2 | Killed Frances
 45285 | Shoals:2 | Noticed Louise
 45291 | Shoals:2 | Cast into level 2 of the Abyss (Louise)
 45291 | Abyss:2  | Found a corrupted altar of Lugonu.
 45425 | Abyss:2  | Found a shattered altar of Ashenzari.
 45807 | Shoals:2 | Escaped the Abyss
 45911 | Shoals:2 | Killed Louise
 45911 | Shoals:2 | Reached skill level 10 in Dodging
 47111 | Shoals:3 | Noticed Mara
 47474 | Elf:1    | Entered Level 1 of the Elven Halls
 47828 | Elf:1    | Found Liowiera's Food Emporium.
 47832 | Elf:1    | Bought a ration for 50 gold pieces
 47832 | Elf:1    | Bought a ration for 50 gold pieces
 47832 | Elf:1    | Bought a ration for 50 gold pieces
 47832 | Elf:1    | Bought a ration for 50 gold pieces
 47832 | Elf:1    | Bought a ration for 50 gold pieces
 47832 | Elf:1    | Bought a ration for 50 gold pieces
 47927 | Elf:1    | Reached XP level 19. HP: 116/118 MP: 14/35
 47934 | Elf:1    | Cast into level 2 of the Abyss (a deep elf demonologist)
 47935 | Abyss:2  | Found a corrupted altar of Lugonu.
 48731 | Elf:1    | Escaped the Abyss
 49705 | Elf:2    | Found Zeangoex's Antique Weapon Shoppe.
 49711 | Elf:2    | Found Huungoi's Antique Weapon Boutique.
 49721 | Elf:2    | Bought a masterwork flail for 246 gold pieces
 49721 | Elf:2    | Identified the cursed +1 flail of Equilibrium {antimagic,
                  | +Inv rElec Int+4 Dex-4 SInv} (You bought it in a shop on
                  | level 2 of the Elven Halls)
 50000 | Elf:2    | Found a huge runed translucent gate.
 50000 | Elf:2    | Found a huge runed translucent gate.
 50000 | Elf:2    | Found a huge runed translucent gate.
 50090 | Elf:2    | Found a huge runed translucent gate.
 50091 | Elf:2    | Found a huge runed translucent gate.
 50261 | Elf:2    | Found Pitaef's Antique Armour Shoppe.
 50264 | Elf:2    | Bought a smoking robe for 222 gold pieces
 50264 | Elf:2    | Identified the +0 robe of Ruigeatry {+Blink Int+4} (You
                  | bought it in a shop on level 2 of the Elven Halls)
 50273 | Elf:2    | Found Tuenelor's Food Shop.
 50277 | Elf:2    | Bought a ration for 70 gold pieces
 50277 | Elf:2    | Bought a ration for 70 gold pieces
 50277 | Elf:2    | Bought a ration for 70 gold pieces
 50277 | Elf:2    | Bought a ration for 70 gold pieces
 50277 | Elf:2    | Bought a ration for 70 gold pieces
 50277 | Elf:2    | Bought a ration for 70 gold pieces
 50277 | Elf:2    | Bought a ration for 70 gold pieces
 50277 | Elf:2    | Bought a ration for 70 gold pieces
 50277 | Elf:2    | Bought a ration for 70 gold pieces
 50277 | Elf:2    | Bought a ration for 70 gold pieces
 50599 | Elf:2    | Identified Sexyzoxky's Handbook of Contamination
 50917 | Elf:3    | Entered Level 3 of the Elven Halls
 51213 | Elf:3    | Noticed Roxanne
 51219 | Elf:3    | Killed Roxanne
 52110 | Elf:3    | Cast into level 2 of the Abyss (a deep elf sorcerer)
 52110 | Abyss:2  | Found a corrupted altar of Lugonu.
 52244 | Abyss:2  | Reached XP level 20. HP: 55/124 MP: 18/36
 53109 | Elf:3    | Escaped the Abyss
 53112 | Elf:3    | Identified the +10 flail of Paifum {pain, rN++}
 54647 | Elf:3    | Identified the +2 war axe of Nuihuoh {vamp, Int+6 Dex+3}
 55043 | Elf:3    | Identified the +8 flail "Akhliel" {vamp, +Rage rElec Int+8
                  | Dex-3}
 55069 | Elf:3    | Reached skill level 15 in Conjurations
 55138 | Elf:3    | Identified the +5 short sword of the Mind {antimagic,
                  | rElec}
 55414 | Elf:3    | Identified a +1 pair of boots of running (You found it on
                  | level 3 of the Elven Halls)
 56258 | Shoals:3 | Noticed Ravlon's illusion
 56286 | Shoals:2 | Noticed Ravlon's illusion
 57314 | Shoals:3 | Reached skill level 15 in Fire Magic
 57422 | Shoals:4 | Entered Level 4 of the Shoals
 57498 | Shoals:4 | Noticed Aizul
 57505 | Shoals:4 | Killed Aizul
 57661 | Shoals:4 | Noticed Polyphemus
 57681 | Shoals:4 | Killed Polyphemus
 58962 | Shoals:4 | Reached XP level 21. HP: 131/132 MP: 25/38
 59415 | Shoals:4 | Noticed Kirke
 59424 | Shoals:4 | Killed Kirke
 59744 | Shoals:4 | Got a barnacled rune of Zot
 60163 | Vaults:1 | Entered Level 1 of the Vaults
 60180 | Vaults:1 | Found Elouw's General Store.
 60282 | Vaults:1 | Bought a scroll of identify for 34 gold pieces
 60282 | Vaults:1 | Bought a ration for 85 gold pieces
 60282 | Vaults:1 | Bought a potion of brilliance for 68 gold pieces
 60282 | Vaults:1 | Bought a potion of heal wounds for 85 gold pieces
 60282 | Vaults:1 | Bought a scroll of fog for 34 gold pieces
 60282 | Vaults:1 | Bought a scroll of teleportation for 51 gold pieces
 60989 | Vaults:1 | Paralysed by a great orb of eyes for 7 turns
 61913 | Vaults:2 | Found a flickering gateway to a bazaar.
 61917 | Bazaar   | Entered a bazaar
 61918 | Bazaar   | Found Woakadob's Weapon Boutique.
 61918 | Bazaar   | Found Vogabb's Weapon Shop.
 61919 | Bazaar   | Found Mettum's Antique Armour Emporium.
 61947 | Bazaar   | Bought a throwing net for 30 gold pieces
 61950 | Bazaar   | Found Reized's Antique Weapon Emporium.
 61972 | Bazaar   | Bought a scorched helmet for 256 gold pieces
 61973 | Bazaar   | Identified the +1 helmet of Midnight {Str+6} (You bought it
                  | in a shop in a bazaar)
 64404 | Vaults:2 | Found a staircase to the Crypt.
 65049 | Vaults:3 | Reached XP level 22. HP: 113/138 MP: 20/39
 66945 | Vaults:3 | Got a clouded steel ring
 66946 | Vaults:3 | Identified the ring "Xelubaef" {Str+3 Int+6 Dex+4} (You
                  | found it on level 3 of the Vaults)
 67087 | Vaults:3 | Learned a level 5 spell: Borgnjor's Vile Clutch
 67097 | Vaults:3 | Learned a level 9 spell: Shatter
 67877 | Vaults:4 | Reached skill level 15 in Fighting
 69207 | Vaults:4 | Reached XP level 23. HP: 136/144 MP: 38/41
 69591 | Vaults:4 | Upgraded the game from 0.26-a0-149-g49b1be5409 to
                  | 0.26-a0-154-g3d63440f56
 69608 | Vaults:5 | Entered Level 5 of the Vaults
 69611 | Vaults:5 | Found Afujuadd's Distillery.
 70857 | Vaults:5 | Noticed a golden dragon
 70859 | Vaults:5 | Noticed an ancient lich
 70860 | Vaults:5 | Identified the +7 war axe of Plague {venom, rN+ SInv}
 70864 | Vaults:5 | Reached XP level 24. HP: 121/152 MP: 19/41
 70865 | Vaults:5 | Killed an ancient lich
 70989 | Vaults:4 | Reached skill level 15 in Spellcasting
 71478 | Vaults:5 | Bought a potion of might for 64 gold pieces
 71478 | Vaults:5 | Bought a potion of might for 64 gold pieces
 71478 | Vaults:5 | Bought a potion of might for 64 gold pieces
 71478 | Vaults:5 | Bought a potion of lignification for 48 gold pieces
 71478 | Vaults:5 | Bought a potion of invisibility for 128 gold pieces
 71825 | Vaults:5 | Got a silver rune of Zot
 72185 | Vaults:5 | Found the +7 mace of Variability {chain chaos}
 72420 | Vaults:5 | Found Doted's Magic Scroll Shop.
 72420 | Vaults:5 | Found Usioraph's Magic Scroll Shoppe.
 72424 | Vaults:5 | Bought a scroll of identify for 32 gold pieces
 72424 | Vaults:5 | Bought a scroll of identify for 32 gold pieces
 72424 | Vaults:5 | Bought a scroll of teleportation for 48 gold pieces
 72424 | Vaults:5 | Bought a scroll of magic mapping for 56 gold pieces
 72424 | Vaults:5 | Bought a scroll of identify for 32 gold pieces
 72424 | Vaults:5 | Bought a scroll of immolation for 56 gold pieces
 72431 | Vaults:5 | Bought 3 scrolls of immolation for 220 gold pieces
 72431 | Vaults:5 | Bought a scroll of identify for 42 gold pieces
 72431 | Vaults:5 | Bought a scroll of identify for 42 gold pieces
 72431 | Vaults:5 | Bought a scroll of brand weapon for 420 gold pieces
 72431 | Vaults:5 | Bought a scroll of identify for 42 gold pieces
 72431 | Vaults:5 | Bought a scroll of teleportation for 63 gold pieces
 72778 | Crypt:1  | Entered Level 1 of the Crypt
 73110 | Crypt:1  | Reached skill level 15 in Maces & Flails
 73140 | Crypt:1  | Paralysed by a vampire knight for 4 turns
 74339 | Crypt:2  | Found a magical portal.
 74357 | WizLab   | Entered Doroklohe's Tomb
 75012 | WizLab   | Learned a level 9 spell: Fire Storm
 76048 | Crypt:3  | Entered Level 3 of the Crypt
 76464 | Crypt:3  | Reached XP level 25. HP: 159/159 MP: 19/42
 77280 | Crypt:3  | Found a staircase to the Tomb.
 77941 | Crypt:3  | Identified the cursed +0 chain mail of Analysis {rN+ Str+3
                  | Int+3}
 79331 | Depths:1 | Entered Level 1 of the Depths
 79483 | Depths:1 | Found a sparkling altar of Nemelex Xobeh.
 79713 | Depths:1 | Found a gateway to Hell.
 81574 | Depths:2 | Identified the +5 flail of Meheliuro {freeze, rElec rPois}
 81721 | Depths:2 | Reached XP level 26. HP: 128/166 MP: 19/42
 81828 | Depths:2 | Identified the +8 short sword of the Past {flame, MR+}
 83123 | Depths:3 | Found a one-way gate leading to the halls of Pandemonium.
 83362 | Depths:3 | Found a gateway to a ziggurat.
 83530 | Depths:3 | You are sucked into a shaft and drop 2 floors!
 83530 | Depths:5 | Entered Level 5 of the Depths
 83540 | Depths:5 | Noticed the Enchantress
 83541 | Depths:5 | Killed the Enchantress
 83562 | Depths:5 | Noticed Frederick
 83566 | Depths:5 | Killed Frederick
 83606 | Depths:4 | Paralysed by a great orb of eyes for 2 turns
 84165 | Depths:3 | Noticed a juggernaut
 84170 | Depths:3 | Reached XP level 27. HP: 172/173 MP: 34/43
 84171 | Depths:3 | Killed a juggernaut
 84657 | Depths:4 | Noticed Margery
 84661 | Depths:4 | Killed Margery
 84834 | Depths:4 | Found a one-way gate to the infinite horrors of the Abyss.
 84901 | Depths:4 | You are sucked into a shaft and drop 1 floor!
 85196 | Depths:4 | Found the amulet of Vitality {Regen+ HP+15}
 86314 | Depths:5 | Found a gate to the Realm of Zot.
 86685 | Zig:1    | Entered Level 1 of a ziggurat
 86760 | Zig:2    | Entered Level 2 of a ziggurat
 86801 | Zig:3    | Entered Level 3 of a ziggurat
 86819 | Zig:4    | Entered Level 4 of a ziggurat
 86886 | Zig:5    | Entered Level 5 of a ziggurat
 86991 | Zig:6    | Entered Level 6 of a ziggurat
 87010 | Zig:6    | Identified the ring of Vaekhad {rF- EV+4 Int+5 Dex+2} (You
                  | found it on level 6 of a ziggurat)
 87030 | Zig:7    | Entered Level 7 of a ziggurat
 87084 | Zig:8    | Entered Level 8 of a ziggurat
 87139 | Zig:8    | Learned a level 8 spell: Ignition
 87149 | Zig:9    | Entered Level 9 of a ziggurat
 87225 | Zig:10   | Entered Level 10 of a ziggurat
 87237 | Zig:10   | Reached skill level 1 in Necromancy
 87298 | Zig:10   | Identified the ring "Mecziraso" {Wiz MR+} (You found it on
                  | level 10 of a ziggurat)
 87302 | Zig:11   | Entered Level 11 of a ziggurat
 87467 | Zig:12   | Entered Level 12 of a ziggurat
 87494 | Zig:12   | Found the +5 robe of Misfortune {*Contam Harm *Corrode
                  | *Drain *Slow EV+5}
 87618 | Zig:12   | Identified the Guide on Clay and the Compass
 87637 | Zig:13   | Entered Level 13 of a ziggurat
 87648 | Zig:13   | Reached skill level 15 in Dodging
 87866 | Zig:13   | Identified the +0 pair of boots of Insecurity {rF++} (You
                  | found it on level 13 of a ziggurat)
 87881 | Zig:13   | Identified the +9 great mace "Seanegio" {venom, rPois rC-
                  | rN+} (You found it on level 13 of a ziggurat)
 87884 | Zig:14   | Entered Level 14 of a ziggurat
 87897 | Zig:14   | Reached skill level 5 in Necromancy
 87902 | Zig:14   | Found the +2 Maxwell's thermic engine {flame, freeze}
 88102 | Zig:14   | Identified the ring "Hareo" {Str+4 Stlth+} (You found it on
                  | level 14 of a ziggurat)
 88116 | Zig:14   | Identified the Catalogue of Blistering Weightlessness
 88124 | Zig:15   | Entered Level 15 of a ziggurat
 88168 | Zig:15   | Identified the Handbook of Lucky Feathers
 88174 | Zig:15   | Identified the Grimoire of Lethal Toxins
 88185 | Zig:16   | Entered Level 16 of a ziggurat
 88304 | Zig:16   | Found the +8 trident of the Octopus King {venom, rElec
                  | rPois MR+}
 88304 | Zig:16   | Found the +5 demon whip "Spellbinder" {antimagic, MR+}
 88347 | Zig:16   | Reached skill level 5 in Transmutations
 88350 | Zig:17   | Entered Level 17 of a ziggurat
 88554 | Zig:18   | Entered Level 18 of a ziggurat
 88575 | Zig:18   | Reached skill level 10 in Necromancy
 88731 | Zig:18   | Identified the +0 robe "Hecamm" {Slay+2} (You found it on
                  | level 18 of a ziggurat)
 88748 | Zig:19   | Entered Level 19 of a ziggurat
 88853 | Zig:19   | Identified the Disquisition on Combat Magic
 88857 | Zig:19   | Identified the Handbook of Icy Venom
 88861 | Zig:20   | Entered Level 20 of a ziggurat
 89031 | Zig:20   | Identified the cursed ring of the Visionary {rPois rN+
                  | Int+4 Dex-4} (You found it on level 20 of a ziggurat)
 89038 | Zig:21   | Entered Level 21 of a ziggurat
 89211 | Zig:21   | Identified the ring of Qaoz {rPois rF- rC+ Int+3 SInv} (You
                  | found it on level 21 of a ziggurat)
 89215 | Zig:21   | Identified the ring "Goxuarea" {Fire +Blink rN+} (You found
                  | it on level 21 of a ziggurat)
 89243 | Zig:21   | Identified the Almanac of Creative Battle Magic
 89261 | Zig:21   | Learned a level 8 spell: Necromutation
 89262 | Zig:22   | Entered Level 22 of a ziggurat
 89351 | Zig:23   | Entered Level 23 of a ziggurat
 89499 | Zig:23   | Identified the Disquisition on Harmful Fire
 89510 | Zig:23   | Identified the +2 robe of the Blue Skies {rC- MR+ Int+9
                  | SInv} (You found it on level 23 of a ziggurat)
 89576 | Zig:24   | Entered Level 24 of a ziggurat
 89592 | Zig:24   | Reached skill level 15 in Necromancy
 89594 | Zig:24   | Noticed an ancient lich
 89600 | Zig:24   | Killed an ancient lich
 89753 | Zig:24   | Identified the Handbook of Frigorific Poisoning
 89765 | Zig:25   | Entered Level 25 of a ziggurat
 89872 | Zig:25   | Identified the ring "Geigack" {MR+ AC+4} (You found it on
                  | level 25 of a ziggurat)
 89876 | Zig:25   | Identified the Disquisition on Dislocation
 89881 | Zig:25   | Identified the amulet of the Dropbear {Inacc rF+ MR+} (You
                  | found it on level 25 of a ziggurat)
 89901 | Zig:26   | Entered Level 26 of a ziggurat
 90146 | Zig:26   | Identified the +1 robe of Leapfrog {rElec rF- rC++ Slay+2}
                  | (You found it on level 26 of a ziggurat)
 90165 | Zig:26   | Identified the amulet "Yridox" {Faith Fragile Dex+7} (You
                  | found it on level 26 of a ziggurat)
 90169 | Zig:26   | Identified the Volume of the Dislocated Snowflakes
 90174 | Zig:26   | Identified the cursed +3 morningstar "Lyic" {flame, rElec}
                  | (You found it on level 26 of a ziggurat)
 90183 | Zig:27   | Entered Level 27 of a ziggurat
 90199 | Zig:27   | Reached skill level 10 in Transmutations
 90203 | Zig:27   | Found the cursed +14 obsidian axe {vorpal, +Fly SInv
                  | *Curse}
 90299 | Zig:27   | Identified the amulet "Jyrig" {Reflect rPois rN+ SH+5 SInv}
                  | (You found it on level 27 of a ziggurat)
 90309 | Zig:27   | Identified the amulet of Xiacuc {Faith rElec rC+++ MR++
                  | Str-2} (You found it on level 27 of a ziggurat)
 90326 | Zig:27   | Identified the Grimoire of Glacial Earth
 90330 | Zig:27   | Identified the ring "Atetz" {+Fly MR- Int+4} (You found it
                  | on level 27 of a ziggurat)
 90794 | Slime:1  | Entered Level 1 of the Pits of Slime
 90796 | Slime:1  | Gained mutation: You tend to lose your temper in combat. [a
                  | shining eye]
 90948 | Slime:3  | Noticed Dissolution
 90952 | Slime:3  | Killed Dissolution
 91112 | Slime:5  | Entered Level 5 of the Pits of Slime
 91347 | Slime:5  | Noticed the Royal Jelly
 91352 | Slime:5  | Killed the Royal Jelly
 91604 | Slime:5  | Found the +5 scythe "Finisher" {speed, eviscerate}
 91655 | Slime:5  | Got a slimy rune of Zot
 91662 | Slime:5  | Identified the ring "Qyiteon" {Fire rPois Dex+2} (You found
                  | it on level 5 of the Pits of Slime)
 91706 | Slime:5  | Identified the +4 leather armour of Amorality {rCorr Str+9
                  | Slay+4} (You found it on level 5 of the Pits of Slime)
 92140 | Zig:1    | Entered Level 1 of a ziggurat
 92163 | Zig:2    | Entered Level 2 of a ziggurat
 92163 | Zig:2    | Noticed Pistots the pandemonium lord
 92165 | Zig:2    | Killed Pistots the pandemonium lord
 92211 | Zig:3    | Entered Level 3 of a ziggurat
 92241 | Zig:4    | Entered Level 4 of a ziggurat
 92269 | Zig:4    | Identified the cursed +1 great mace of Qazlal's
                  | Condemnation {vorpal, +Rage rElec MR- Int-5} (You found it
                  | on level 4 of a ziggurat)
 92273 | Zig:5    | Entered Level 5 of a ziggurat
 92318 | Zig:6    | Entered Level 6 of a ziggurat
 92425 | Zig:7    | Entered Level 7 of a ziggurat
 92438 | Zig:7    | Found the +7 sceptre of Torment {pain, torment}
 92602 | Zig:7    | Identified the +1 leather armour "Riruth" {MR+ Dex+4} (You
                  | found it on level 7 of a ziggurat)
 92613 | Zig:8    | Entered Level 8 of a ziggurat
 92619 | Zig:8    | Noticed a greater mummy
 92622 | Zig:8    | Noticed a greater mummy
 92622 | Zig:8    | Noticed a greater mummy
 92627 | Zig:8    | Killed a greater mummy
 92628 | Zig:8    | Killed a greater mummy
 92628 | Zig:8    | Killed a greater mummy
 92657 | Zig:8    | Identified the Volume of Dusty Poisoning
 92685 | Zig:9    | Entered Level 9 of a ziggurat
 92714 | Zig:9    | Identified the +7 quarterstaff of the Spheres {vamp, +Rage
                  | rPois Str+4} (You found it on level 9 of a ziggurat)
 92729 | Zig:10   | Entered Level 10 of a ziggurat
 92970 | Zig:11   | Entered Level 11 of a ziggurat
 93095 | Zig:11   | Found the +5 robe of Night {Dark MR+ SInv}
 93113 | Zig:11   | Identified the +3 leather armour of an ice cave {*Drain rF+
                  | Str+3 Dex+3} (You found it on level 11 of a ziggurat)
 93201 | Zig:12   | Entered Level 12 of a ziggurat
 93259 | Zig:13   | Entered Level 13 of a ziggurat
 93271 | Zig:13   | Noticed an ancient lich
 93277 | Zig:13   | Killed an ancient lich
 93329 | Zig:13   | Identified the ring of Fedhas's Condemnation {rPois rF++
                  | Dex+2} (You found it on level 13 of a ziggurat)
 93352 | Zig:13   | Identified Nile's Incunabulum of Glacial Boosts
 93360 | Zig:14   | Entered Level 14 of a ziggurat
 93449 | Zig:14   | Identified the Catalogue of Lethal Summoning
 93475 | Zig:15   | Entered Level 15 of a ziggurat
 93582 | Zig:16   | Entered Level 16 of a ziggurat
 93592 | Zig:16   | Noticed a juggernaut
 93595 | Zig:16   | Noticed a juggernaut
 93599 | Zig:16   | Killed a juggernaut
 93599 | Zig:16   | Killed a juggernaut
 93672 | Zig:16   | Identified Sif Muna's Grimoire of Creation and
                  | Contamination
 93676 | Zig:16   | Identified the Disquisition on Contamination
 93681 | Zig:17   | Entered Level 17 of a ziggurat
 93768 | Zig:17   | Identified the +0 pair of gloves of Indemnity {Harm} (You
                  | found it on level 17 of a ziggurat)
 93832 | Zig:18   | Entered Level 18 of a ziggurat
 94010 | Zig:19   | Entered Level 19 of a ziggurat
 94025 | Zig:19   | Noticed an ancient lich
 94027 | Zig:19   | Noticed an ancient lich
 94028 | Zig:19   | Noticed an ancient lich
 94030 | Zig:19   | Killed an ancient lich
 94030 | Zig:19   | Killed an ancient lich
 94031 | Zig:19   | Killed an ancient lich
 94031 | Zig:19   | Reached skill level 27 in Conjurations
 94034 | Zig:19   | Noticed an ancient lich
 94037 | Zig:19   | Killed an ancient lich
 94081 | Zig:19   | Identified the Guide on Mutagenic Companions
 94092 | Zig:19   | Identified the Disquisition on Doomed Lightness
 94139 | Zig:20   | Entered Level 20 of a ziggurat
 94160 | Zig:20   | Reached skill level 27 in Fighting
 94353 | Zig:20   | Found the +8 storm bow {elec, penet}
 94357 | Zig:20   | Found the +2 cloak of the Thief {+Fog Slay-2 SInv Stlth+}
 94358 | Zig:20   | Found the +2 hat of the Bear Spirit {Spirit, +Rage rN+
                  | MR++}
 94384 | Zig:20   | Identified the +5 buckler of Rimes {Dex+3} (You found it on
                  | level 20 of a ziggurat)
 94409 | Zig:21   | Entered Level 21 of a ziggurat
 94425 | Zig:21   | Paralysed by a floating eye for 2 turns
 94429 | Zig:21   | Noticed an ancient lich
 94430 | Zig:21   | Killed an ancient lich
 94433 | Zig:21   | Noticed an ancient lich
 94433 | Zig:21   | Noticed an ancient lich
 94437 | Zig:21   | Killed an ancient lich
 94437 | Zig:21   | Killed an ancient lich
 94437 | Zig:21   | Noticed an ancient lich
 94439 | Zig:21   | Killed an ancient lich
 94519 | Zig:21   | Identified a ring of Jihap {rPois MP+9 Dex+4} (You found it
                  | on level 21 of a ziggurat)
 94539 | Zig:21   | Learned a level 9 spell: Absolute Zero
 94540 | Zig:21   | Identified the +3 robe "Tietez" {rF+ Dex+4} (You found it
                  | on level 21 of a ziggurat)
 94558 | Zig:21   | Identified Sif Muna's Papyrus of Dark Enhancements
 94571 | Zig:21   | Identified Loysorucw's Volume of Battle Magic and Toxins
 94578 | Zig:22   | Entered Level 22 of a ziggurat
 94594 | Zig:22   | Reached skill level 1 in Ice Magic
 94602 | Zig:22   | Reached skill level 5 in Ice Magic
 94637 | Zig:22   | Identified the Volume of the Voyage and the Rocks
 94669 | Zig:23   | Entered Level 23 of a ziggurat
 94689 | Zig:23   | Reached skill level 27 in Spellcasting
 94690 | Zig:23   | Reached skill level 10 in Ice Magic
 94912 | Zig:23   | Identified a ring "Ezxy" {MP+9 Str+7} (You found it on
                  | level 23 of a ziggurat)
 94920 | Zig:24   | Entered Level 24 of a ziggurat
 94940 | Zig:24   | Reached skill level 10 in Evocations
 94964 | Zig:24   | Found the +15 Maxwell's patent armour {-Cast -Tele rElec
                  | MR+ rCorr}
 95023 | Zig:24   | Identified Sif Muna's Almanac of Curses
 95037 | Zig:25   | Entered Level 25 of a ziggurat
 95070 | Zig:25   | HP: 7/214 [Brimstone Fiend/damnation (45)]
 95096 | Zig:25   | Reached skill level 15 in Ice Magic
 95321 | Zig:25   | Found the +6 shillelagh "Devastator" {shatter}
 95364 | Zig:25   | Identified Sif Muna's Catalogue of Damaging Evil
 95374 | Zig:25   | Identified the +1 robe "Higosuon" {rF+ rCorr Slay-5} (You
                  | found it on level 25 of a ziggurat)
 95379 | Zig:26   | Entered Level 26 of a ziggurat
 95660 | Zig:26   | Identified the cursed ring "Ohicle Bupe" {rPois rC+++ MP-9
                  | EV-4 SInv} (You found it on level 26 of a ziggurat)
 95701 | Zig:27   | Entered Level 27 of a ziggurat
 95721 | Zig:27   | Noticed an ancient lich
 95722 | Zig:27   | Noticed an ancient lich
 95726 | Zig:27   | Killed an ancient lich
 95726 | Zig:27   | Killed an ancient lich
 95729 | Zig:27   | Noticed an ancient lich
 95729 | Zig:27   | Noticed an ancient lich
 95729 | Zig:27   | Noticed an ancient lich
 95730 | Zig:27   | Noticed an ancient lich
 95730 | Zig:27   | Noticed an ancient lich
 95733 | Zig:27   | Killed an ancient lich
 95733 | Zig:27   | Killed an ancient lich
 95734 | Zig:27   | Killed an ancient lich
 95734 | Zig:27   | Killed an ancient lich
 95738 | Zig:27   | Killed an ancient lich
 95744 | Zig:27   | Reached skill level 15 in Evocations
 95948 | Zig:27   | Identified the ring "Adwa" {+Fly rElec rF- rCorr} (You
                  | found it on level 27 of a ziggurat)
 95951 | Zig:27   | Identified the Handbook of Supportive Moulding
 96144 | Zot:1    | Entered Level 1 of the Realm of Zot
 98025 | Zot:2    | You fall into a shaft and drop 2 floors!
 99570 | Zot:4    | Identified the cursed +0 robe "Ivits" {Regen+ Int+6 Stlth-}
                  | (You found it on level 4 of the Realm of Zot)
100640 | Zot:5    | Entered Level 5 of the Realm of Zot
101117 | Zot:5    | Found a runed translucent gate.
101117 | Zot:5    | Found a runed translucent gate.
101117 | Zot:5    | Found a runed translucent gate.
101119 | Zot:5    | Noticed an ancient lich
101119 | Zot:5    | Noticed Majang's ghost (legendary MfIE)
101131 | Zot:5    | Killed an ancient lich
101137 | Zot:5    | Killed Majang's ghost
101722 | Zot:5    | Noticed an ancient lich
101725 | Zot:5    | Killed an ancient lich
101858 | Zot:5    | Noticed an ancient lich
101871 | Zot:5    | Killed an ancient lich
101999 | Zot:5    | Noticed an ancient lich
102002 | Zot:5    | Killed an ancient lich
102025 | Zot:5    | Noticed an orb of fire
102026 | Zot:5    | Killed an orb of fire
102037 | Zot:5    | Noticed an ancient lich
102181 | Zot:5    | Killed an ancient lich
102365 | Zot:5    | Noticed an orb of fire
102367 | Zot:5    | Killed an orb of fire
102529 | Zot:5    | Noticed an orb of fire
102533 | Zot:5    | Killed an orb of fire
102586 | Zot:5    | Noticed an ancient lich
102589 | Zot:5    | Killed an ancient lich
102593 | Zot:5    | Noticed an orb of fire
102594 | Zot:5    | Killed an orb of fire
102683 | Zot:5    | Noticed an orb of fire
102685 | Zot:5    | Noticed an orb of fire
102688 | Zot:5    | Killed an orb of fire
102689 | Zot:5    | Killed an orb of fire
102729 | Zot:5    | Noticed an orb of fire
102732 | Zot:5    | Killed an orb of fire
102851 | Zot:5    | Noticed an orb of fire
102853 | Zot:5    | Killed an orb of fire
103540 | D:15     | Learned a level 8 spell: Controlled Blink
103542 | Zig:1    | Entered Level 1 of a ziggurat
103552 | Zig:1    | Reached skill level 1 in Translocations
103563 | Zig:2    | Entered Level 2 of a ziggurat
103619 | Zig:3    | Entered Level 3 of a ziggurat
103744 | Zig:4    | Entered Level 4 of a ziggurat
103787 | Zig:4    | Identified the +10 morningstar "Ryuc" {drain, MR+ Int+5}
                  | (You found it on level 4 of a ziggurat)
103815 | Zig:5    | Entered Level 5 of a ziggurat
103820 | Zig:5    | Reached skill level 5 in Translocations
103885 | Zig:6    | Entered Level 6 of a ziggurat
103889 | Zig:6    | Noticed Vaptir the pandemonium lord
103890 | Zig:6    | Noticed Kiec the pandemonium lord
103892 | Zig:6    | Killed Kiec the pandemonium lord
103893 | Zig:6    | Killed Vaptir the pandemonium lord
103982 | Zig:7    | Entered Level 7 of a ziggurat
103993 | Zig:7    | Reached skill level 27 in Ice Magic
104112 | Zig:8    | Entered Level 8 of a ziggurat
104119 | Zig:8    | Reached skill level 10 in Translocations
104254 | Zig:9    | Entered Level 9 of a ziggurat
104399 | Zig:9    | Found the +4 dagger "Morg" {pain, MR+ Int+5}
104410 | Zig:9    | Identified the +2 robe of Gluttony {+Inv rPois} (You found
                  | it on level 9 of a ziggurat)
104436 | Zig:10   | Entered Level 10 of a ziggurat
104446 | Zig:10   | Noticed a greater mummy
104447 | Zig:10   | Noticed a greater mummy
104450 | Zig:10   | Killed a greater mummy
104450 | Zig:10   | Killed a greater mummy
104657 | Zig:10   | Reached skill level 15 in Translocations
104690 | Zig:11   | Entered Level 11 of a ziggurat
104741 | Zig:11   | Identified the Reference Book on Hurtful Summoning
104744 | Zig:11   | Identified the ring of Moderation {Wiz rC- Slay+5} (You
                  | found it on level 11 of a ziggurat)
104759 | Zig:12   | Entered Level 12 of a ziggurat
104778 | Zig:12   | Found the +8 orange crystal plate armour {Archmagi, Int+3
                  | Clar}
104799 | Zig:12   | Identified the ring of Enofel {Ice rElec Dex+4} (You found
                  | it on level 12 of a ziggurat)
104805 | Zig:12   | Identified the cursed +1 quarterstaff of Conformity
                  | {vorpal, rPois rN+} (You found it on level 12 of a
                  | ziggurat)
104833 | Zig:13   | Entered Level 13 of a ziggurat
104999 | Zig:14   | Entered Level 14 of a ziggurat
105065 | Zig:14   | Found the +9 scales of the Dragon King {rPois rF+ rC+ MR+}
105115 | Zig:14   | Learned a level 8 spell: Death's Door
105124 | Zig:14   | Identified the quicksilver dragon scales of Day {rC+ MR+
                  | Int+2 Dex+3} (You found it on level 14 of a ziggurat)
105126 | Zig:15   | Entered Level 15 of a ziggurat
105134 | Zig:15   | Gained mutation: Your spells are a little easier to cast,
                  | but a little less powerful. [a cacodemon]
105137 | Zig:15   | Reached skill level 5 in Charms
105138 | Zig:15   | Noticed Uvuged the pandemonium lord
105145 | Zig:15   | Killed Uvuged the pandemonium lord
105427 | Zig:15   | Identified the Guide on Evil Secrets
105435 | Zig:15   | Identified the ring of Dishonour {+Fly Int+2 SInv} (You
                  | found it on level 15 of a ziggurat)
105443 | Zig:15   | Identified the ring of Munwuet {Fire Str+6 Int+4} (You
                  | found it on level 15 of a ziggurat)
105446 | Zig:15   | Identified the ring of Intercession {Wiz rElec rPois rF+
                  | Int+4} (You found it on level 15 of a ziggurat)
105466 | Zig:15   | Identified the +0 robe of Lugonu's Hatred {rPois Regen+
                  | Str-5 Dex+6} (You found it on level 15 of a ziggurat)
105478 | Zig:16   | Entered Level 16 of a ziggurat
105483 | Zig:16   | Noticed Xutaip the pandemonium lord
105486 | Zig:16   | Noticed Valext the pandemonium lord
105486 | Zig:16   | Noticed Rolobuke the pandemonium lord
105487 | Zig:16   | Noticed Juozes the pandemonium lord
105487 | Zig:16   | Noticed Bautrier the pandemonium lord
105488 | Zig:16   | Killed Xutaip the pandemonium lord
105489 | Zig:16   | Noticed Zoicw the pandemonium lord
105490 | Zig:16   | Noticed Nich the pandemonium lord
105491 | Zig:16   | Killed Valext the pandemonium lord
105491 | Zig:16   | Noticed Mably the pandemonium lord
105492 | Zig:16   | Killed Bautrier the pandemonium lord
105493 | Zig:16   | Killed Juozes the pandemonium lord
105493 | Zig:16   | Noticed Visoraev the pandemonium lord
105494 | Zig:16   | Killed Rolobuke the pandemonium lord
105502 | Zig:16   | Killed Nich the pandemonium lord
105502 | Zig:16   | Killed Zoicw the pandemonium lord
105502 | Zig:16   | Killed Mably the pandemonium lord
105504 | Zig:16   | Killed Visoraev the pandemonium lord
105512 | Zig:16   | Noticed Som Vef the pandemonium lord
105514 | Zig:16   | Killed Som Vef the pandemonium lord
105514 | Zig:16   | Reached skill level 10 in Charms
105615 | Zig:16   | Identified the Incunabulum of Supportive Dislocation
105643 | Zig:17   | Entered Level 17 of a ziggurat
105654 | Zig:17   | Found the +7 lajatang of Order {silver, rMut}
105654 | Zig:17   | Reached skill level 27 in Earth Magic
105733 | Zig:17   | Identified the Disquisition on Transformation and the
                  | Glacier
105786 | Zig:18   | Entered Level 18 of a ziggurat
105795 | Zig:18   | Reached skill level 27 in Fire Magic
105960 | Zig:18   | Lost mutation: Your flesh is heat resistant. (rF+) [potion
                  | of mutation]
105960 | Zig:18   | Lost mutation: Your spells are a little easier to cast, but
                  | a little less powerful. [potion of mutation]
105960 | Zig:18   | Gained mutation: You are resistant to hostile enchantments.
                  | (MR+) [potion of mutation]
105960 | Zig:18   | Gained mutation: You can translocate small distances at
                  | will. [potion of mutation]
105961 | Zig:18   | Lost mutation: You are resistant to hostile enchantments.
                  | (MR+) [potion of mutation]
105961 | Zig:18   | Lost mutation: You tend to lose your temper in combat.
                  | [potion of mutation]
105961 | Zig:18   | Lost mutation: You can translocate small distances at will.
                  | [potion of mutation]
105961 | Zig:18   | Lost mutation: Your mind is acute. (Int +2) [potion of
                  | mutation]
105961 | Zig:18   | Gained mutation: Your mind is acute. (Int +2) [potion of
                  | mutation]
105961 | Zig:18   | Gained mutation: You are clumsy. (Dex -2) [potion of
                  | mutation]
105961 | Zig:18   | Gained mutation: You are partially covered in thin metallic
                  | scales. (AC +2) [potion of mutation]
105969 | Zig:18   | Reached skill level 10 in Armour
105996 | Zig:19   | Entered Level 19 of a ziggurat
106137 | Zig:19   | Identified the ring "Rongeocu" {rElec rPois AC+4 Dex+4}
                  | (You found it on level 19 of a ziggurat)
106145 | Zig:19   | Identified the cursed +0 pair of boots "Cuariz" {rElec}
                  | (You found it on level 19 of a ziggurat)
106149 | Zig:19   | Identified the +1 helmet of the Dwarven Hall {rPois rCorr}
                  | (You found it on level 19 of a ziggurat)
106153 | Zig:19   | Identified the amulet of Esaokh {RegenMP rPois Dex+2
                  | Stlth+} (You found it on level 19 of a ziggurat)
106167 | Zig:20   | Entered Level 20 of a ziggurat
106173 | Zig:20   | Noticed a greater mummy
106173 | Zig:20   | Noticed a greater mummy
106176 | Zig:20   | Noticed a greater mummy
106177 | Zig:20   | Noticed a greater mummy
106179 | Zig:20   | Reached skill level 15 in Armour
106180 | Zig:20   | Killed a greater mummy
106181 | Zig:20   | Killed a greater mummy
106181 | Zig:20   | Killed a greater mummy
106181 | Zig:20   | Killed a greater mummy
106181 | Zig:20   | Noticed a greater mummy
106182 | Zig:20   | Noticed a greater mummy
106183 | Zig:20   | Noticed a greater mummy
106183 | Zig:20   | Noticed a greater mummy
106184 | Zig:20   | Killed a greater mummy
106184 | Zig:20   | Noticed a greater mummy
106184 | Zig:20   | Noticed a greater mummy
106189 | Zig:20   | Noticed a greater mummy
106190 | Zig:20   | Noticed a greater mummy
106191 | Zig:20   | Killed a greater mummy
106191 | Zig:20   | Killed a greater mummy
106191 | Zig:20   | Killed a greater mummy
106192 | Zig:20   | Killed a greater mummy
106193 | Zig:20   | Killed a greater mummy
106193 | Zig:20   | Killed a greater mummy
106194 | Zig:20   | Noticed a greater mummy
106195 | Zig:20   | Killed a greater mummy
106195 | Zig:20   | Mangled by a titan zombie

Illustrated notes

Levels and vault maps discovered:
D:1:      dpeg_arrival_simpleton_a, layout_rooms, kennysheep_crisscross
D:2:      layout_loops_ring, overflow_temple_1_default,
          chequers_ecumenical_altar_twisty, first_ration, hangedman_decor_push,
          uniq_sigmund
D:3:      layout_basic, uniq_jessica, uniq_grinder
D:4:      layout_basic, kennysheep_mini, portal_sewer_entry_f,
          minmay_misc_feat_tower, minmay_mini_jars
D:5:      layout_rooms, overflow_temple_1_default, cheibrodos_ashenzari_chains,
          serial_shops, shop, basic_altar, sword_in_stone
D:6:      layout_loops_corners
D:7:      wad_pebble_path, layout_rooms, grunt_temple_overflow_open,
          minmay_temple_entry_stoned_glass, serial_shops,
          nicolae_shop_window_shopping
D:8:      layout_loops_ring, dpeg_oklobed_lair, david_nohive_1, uniq_grum
D:9:      layout_roguey, chequers_temple_overflow_statue_of_worship
D:10:     layout_basic, gammafunk_ghost_arena, serial_shops, shop,
          nicolae_straight_to_the_point
D:11:     layout_basic, serial_shops, nicolae_shop_stone,
          gauntlet_entry_generic, minmay_three_doors, uniq_psyche
D:12:     gammafunk_jiyva_shrine, layout_basic, zombieorc2_lemuel,
          serial_rivers, chequers_serial_rivers_small_b,
          chequers_serial_rivers_micro_a, chequers_serial_rivers_micro_c,
          chequers_serial_rivers_small_3
D:13:     layout_roguey, david_vaults_4, st_stairs_1
D:14:     layout_big_octagon, minmay_misc_feat_iff, nrook_pool_corridor,
          uniq_nessos, uniq_josephine, uniq_snorg
D:15:     grunt_enter_depths_hoard, layout_loops_ring, minivault_14
Temple:   chequers_temple_sunken
Lair:1:   layout_loops_ring, minmay_lair_oklob_chamber, lemuel_fruit_fields
Lair:2:   layout_gridlike, shoals_dummy_entry, gammafunk_ghost_arena,
          serial_forest, infiniplex_forest_end_2, infiniplex_forest_3_way,
          infiniplex_forest_lined_room_, infiniplex_forest_clump_large,
          infiniplex_forest_straight_2
Lair:3:   layout_chaotic_city, gammafunk_ghost_hive
Lair:4:   wander_river, layout_misc_corridors, spider_nest_entry_web_field
Lair:5:   layout_small_grid, ebering_ghost_funeral_grove
Lair:6:   evilmike_catoblepas_cave, layout_regular_city, slime_altar_1,
          portal_ice_cave_entry_ice_beasts, chequers_serial_rivers_micro_b
Shoals:1: layout_shoals, uniq_donald
Shoals:2: layout_shoals, uniq_louise, uniq_frances
Shoals:3: layout_shoals, argonaut_gorgonesque, uniq_mara
Shoals:4: shoals_end_grunt_ice, layout_shoals, nicolae_shoals_aquamancer_cove,
          uniq_polyphemus, uniq_kirke, uniq_aizul
Spider:1: layout_spider_delve
Spider:2: layout_spider_delve, gammafunk_ghost_berserking_beasts
Spider:3: layout_spider_delve, guppyfry_spider_mini_2, uniq_nikola
Spider:4: grunt_spider_rune_circles
Slime:1:  layout_caves
Slime:2:  layout_caves
Slime:3:  layout_caves, dissolution_awaits
Slime:4:  layout_caves
Slime:5
Orc:1:    giant_chief_lemuel, layout_diamond_mine, uniq_urug
Orc:2:    st_orc_rangers, layout_diamond_mine, ebering_ghost_reflecting_pool,
          bh_open_orc_temple
Elf:1:    layout_loops_ring, serial_shops, nicolae_shop_trees,
          minmay_elf_crystal_heptagon, item_on_display_a
Elf:2:    layout_onion_city, serial_shops, shop_fountains,
          nicolae_shop_behind_doors, shop,
          nicolae_shop_competitors_out_of_business,
          hangedman_research_toxicology
Elf:3:    minmay_elf_hall_x, layout_geoelf_castle, eino_tiny_chamber,
          uniq_roxanne
Vaults:1: st_quartered_hall, grunt_vaults_funnel, vaults_room_large_hall,
          v_misc_9, v_misc_15, ontoclasm_vaults_eye, v_misc_22,
          vaults_room_semicircle, nicolae_vaults_little_squares_6,
          nicolae_vaults_yaktaur_gun_rack, vaults_dpeg_ring,
          layout_vaults_omnicross, serial_shops, shop_fountains
Vaults:2: ontoclasm_vaults_ring_square, nicolae_vaults_ninety_degrees,
          minmay_crypt_entry_skeletal_spiral, nicolae_vaults_little_ls,
          v_misc_2, v_pattern_5, layout_vaults_omnigrid, serial_shops,
          bzr_entry_road
Vaults:3: nicolae_vaults_angled_halls, st_octagons_1,
          nicolae_vaults_sealed_display, vaults_room_boxed, v_rooms_1,
          vaults_room_octagon, v_pattern_1, v_misc_31, hangedman_vaults_maws,
          ontoclasm_vaults_gateway, layout_vaults_big_room
Vaults:4: ontoclasm_vaults_tryst, v_misc_29, hangedman_vaults_stagger,
          v_rooms_4, grunt_vaults_twisty, v_misc_1, grunt_vaults_trifunnel,
          v_alt_pattern_3, v_misc_15, vaults_room_pool,
          nicolae_vaults_halls_meeting, layout_vaults_omnibox, serial_glass
Vaults:5
Crypt:1:  layout_gridlike, grunt_crypt_arrival_split, grunt_megastairs_3
Crypt:2:  layout_basic, mu_enter_wizlab_1
Crypt:3:  due_elkab, layout_chaotic_city, tomb_entry_shell_bobbens
Depths:1: layout_gridlike, pf_dread_powers_of_hell, kennysheep_doodads,
          nemelex_xobeh_ov_fountains_minmay
Depths:2: minmay_the_grid_triangle_9x9_rhombus_full
          [minmay_the_grid_triangle_9x9_descending_squares,
          minmay_the_grid_triangle_9x9_cache,
          minmay_the_grid_triangle_9x9_from_above,
          minmay_the_grid_triangle_9x9_zippers_vertical,
          minmay_the_grid_triangle_9x9_pentomino_pain,
          minmay_the_grid_triangle_9x9_sparse_checkered,
          minmay_the_grid_triangle_9x9_minimal,
          minmay_the_grid_triangle_9x9_prize_top_heavy], layout_basic,
          hell_entry
Depths:3: evilmike_inaccessible_box, layout_gridlike, enter_ziggurat_f,
          rand_demon_pan_entry_8, hell_entry,
          hangedman_abyss_or_decor_jellyfish_corner, minmay_holes,
          infiniplex_staircase_squiggle
Depths:4: ragdoll_tomb_raider, layout_cave_pools, grunt_metal_band, abyss_entry,
          nicolae_water_bricks, serial_bayou_shore_b,
          infiniplex_staircase_zigzag_3
Depths:5: evilmike_zot_entry_gauntlet, layout_cave_pools, skrybe_limestone_x,
          hell_entry, uniq_frederick, uniq_margery, uniq_enchantress
Zot:1:    layout_concentric_octagons
Zot:2:    layout_gridlike, grunt_ministairs_5, st_stairs_10,
          st_small_dragon_hoard_1
Zot:3:    layout_basic, grunt_megastairs_4
Zot:4:    layout_basic, bh_zot_levy_curve
Zot:5:    layout_basic, gammafunk_ghost_necromancy
Zig:20:   ziggurat_pillar_d, ziggurat_pillar_d, ziggurat_pillar_d,
          ziggurat_pillar_d

Skill      XL: |  1  2  3  4  5  6  7  8  9 10 11 12 13 14 15 16 17 18 19 20 21 22 23 24 25 26 27 |
---------------+----------------------------------------------------------------------------------+-----
Earth Magic    | 4 5 6 7 8 9 10 11 12 13 14 15 16 17 18 19 20 27 | 27.0
Conjurations   | 1 3 4 6 7 8 9 10 11 12 13 14 15 16 17 18 27 | 27.0
Spellcasting   | 3 4 5 6 7 8 9 10 11 12 13 14 15 16 27 | 27.0
Armour         | 2 4 5 6 16 | 16.6
Fighting       | 2 4 5 7 8 9 10 11 12 13 14 15 16 17 27 | 27.0
Maces & Flails | 2 4 5 6 7 8 9 10 11 12 13 14 15 16 | 16.0
Evocations     | 2 3 4 5 6 21 | 21.7
Dodging        | 2 3 4 5 6 7 8 9 10 11 12 13 14 18 | 18.6
Fire Magic     | 3 6 8 10 11 13 14 15 16 17 18 19 20 27 | 27.0
Necromancy     | 19 | 19.0
Transmutations | 10 | 10.0
Ice Magic      | 27 | 27.0
Translocations | 15 | 15.5
Charms         | 10 | 10.0
Stealth        | |  2.1

Action                   |  1- 3 |  4- 6 |  7- 9 | 10-12 | 13-15 | 16-18 | 19-21 | 22-24 | 25-27 || total
-------------------------+-------+-------+-------+-------+-------+-------+-------+-------+-------++-------
Melee: Club              |    60 |    85 |       |       |       |       |       |       |       ||   145
       Mace              |       |     3 |   323 |       |       |       |       |       |       ||   326
       Dagger            |       |       |   182 |    94 |       |       |       |       |       ||   276
       Whip              |       |       |       |   363 |   269 |       |       |       |       ||   632
       Short sword       |       |       |       |    84 |       |       |       |       |       ||    84
       Morningstar       |       |       |       |       |   448 |   797 |   253 |       |       ||  1498
       Eveningstar       |       |       |       |       |       |       |   529 |   313 |   667 ||  1509
       Flail             |       |       |       |       |       |       |       |   333 |   378 ||   711
       Demon whip        |       |       |       |       |       |       |       |       |    12 ||    12
 Cast: Sandblast         |    24 |    52 |   132 |   185 |   127 |     9 |    43 |    11 |    25 ||   608
       Stone Arrow       |       |       |    17 |    26 |     5 |       |       |       |     1 ||    49
       Lee's Rapid Decon |       |       |     5 |    53 |    61 |    72 |   152 |    63 |    24 ||   430
       Passwall          |       |       |       |     2 |       |       |       |       |       ||     2
       Bolt of Magma     |       |       |       |       |    97 |    35 |    10 |     7 |       ||   149
       Iron Shot         |       |       |       |       |    79 |   247 |   303 |   146 |   340 ||  1115
       Starburst         |       |       |       |       |       |    62 |    23 |    21 |     4 ||   110
       Irradiate         |       |       |       |       |       |     3 |     3 |     2 |       ||     8
       Shatter           |       |       |       |       |       |       |       |    67 |   375 ||   442
       Fire Storm        |       |       |       |       |       |       |       |     4 |   273 ||   277
       Ignition          |       |       |       |       |       |       |       |       |   104 ||   104
       Absolute Zero     |       |       |       |       |       |       |       |       |    24 ||    24
       Necromutation     |       |       |       |       |       |       |       |       |    11 ||    11
       Controlled Blink  |       |       |       |       |       |       |       |       |     4 ||     4
       Death's Door      |       |       |       |       |       |       |       |       |     2 ||     2
 Abil: Fly               |       |       |       |       |     1 |       |       |     1 |     1 ||     3
       Stop Flying       |       |       |       |       |       |       |       |     1 |     1 ||     2
       End Transformatio |       |       |       |       |       |       |       |       |     9 ||     9
       Evoke Invisibilit |       |       |       |       |       |       |       |       |     3 ||     3
Evoke: Wand              |       |       |     6 |    18 |    28 |    15 |     5 |     1 |    16 ||    89
       Lightning rod     |       |       |       |       |     8 |    17 |    11 |     1 |     3 ||    40
       Phantom mirror    |       |       |       |       |       |     1 |       |       |       ||     1
       Box of beasts     |       |       |       |       |       |       |     2 |       |       ||     2
       Phial of floods   |       |       |       |       |       |       |     1 |       |       ||     1
       Figurine of a zig |       |       |       |       |       |       |       |       |     2 ||     2
  Use: Potion            |     4 |       |       |     5 |       |    12 |    12 |    12 |    56 ||   101
       Scroll            |       |     9 |     9 |     7 |    23 |    15 |    18 |    20 |   110 ||   211
 Stab: Sleeping          |       |     4 |     7 |     1 |     4 |     2 |     2 |       |       ||    20
       Petrified         |       |       |       |       |     2 |       |       |       |       ||     2
       Distracted        |       |       |       |       |       |     1 |     2 |       |       ||     3
       Invisible         |       |       |       |       |       |       |       |       |     2 ||     2
  Eat: Chunk             |     1 |     5 |    23 |    26 |    48 |    59 |    55 |    23 |    61 ||   301
       Ration            |       |       |       |     5 |    13 |    19 |    16 |    11 |    38 ||   102
Armor: Robe              |    26 |    33 |   264 |   395 |   514 |  1037 |   576 |   396 |  1213 ||  4454
Dodge: Dodged            |    49 |    92 |   420 |   478 |   841 |  1280 |   737 |   519 |  1760 ||  6176

Table legend:
 A = Non-vault XP
 B = Vault XP
 C = Vault XP percentage of total XP
 D = Non-vault monster count
 E = Vault monster count
 F = Vault count percentage of total count
                 A         B        C        D         E       F
            +---------+---------+-------+---------+---------+-------
      Total | 4202354 |  997383 |  19.2 |    4760 |     991 |  17.2
            +---------+---------+-------+---------+---------+-------
        D:1 |      38 |       0 |   0.0 |      19 |       0 |   0.0
        D:2 |     179 |     220 |  55.1 |      37 |       1 |   2.6
        D:3 |     219 |     309 |  58.5 |      38 |       2 |   5.0
        D:4 |     189 |      93 |  33.0 |      10 |      10 |  50.0
        D:5 |     649 |     407 |  38.5 |      17 |       5 |  22.7
        D:6 |    1462 |       0 |   0.0 |      32 |       0 |   0.0
        D:7 |     735 |       0 |   0.0 |      18 |       0 |   0.0
        D:8 |    1302 |    1719 |  56.9 |      31 |      19 |  38.0
        D:9 |    2084 |       0 |   0.0 |      32 |       0 |   0.0
       D:10 |    2342 |       0 |   0.0 |      26 |       0 |   0.0
       D:11 |    3732 |    1904 |  33.8 |      22 |       4 |  15.4
       D:12 |    4321 |     715 |  14.2 |      33 |      36 |  52.2
       D:13 |    9286 |    3085 |  24.9 |      33 |       8 |  19.5
       D:14 |    6125 |    3895 |  38.9 |      32 |       5 |  13.5
       D:15 |   16930 |    1911 |  10.1 |      48 |       2 |   4.0
     Lair:1 |    5757 |    1801 |  23.8 |      26 |       4 |  13.3
     Lair:2 |     868 |       0 |   0.0 |       5 |       0 |   0.0
     Lair:3 |    2824 |       0 |   0.0 |      10 |       0 |   0.0
     Lair:4 |    7385 |       0 |   0.0 |      18 |       0 |   0.0
     Lair:5 |    2414 |       0 |   0.0 |      12 |       0 |   0.0
     Lair:6 |   15234 |   13321 |  46.7 |      45 |      31 |  40.8
   Shoals:1 |    7377 |    2051 |  21.8 |      14 |       1 |   6.7
   Shoals:2 |    5537 |    3926 |  41.5 |      13 |       2 |  13.3
   Shoals:3 |   18771 |    3474 |  15.6 |      33 |       7 |  17.5
   Shoals:4 |    7959 |   32553 |  80.4 |      17 |      40 |  70.2
   Spider:1 |    8925 |       0 |   0.0 |      28 |       0 |   0.0
   Spider:2 |   21660 |   11923 |  35.5 |      52 |      12 |  18.8
   Spider:3 |   16859 |    1671 |   9.0 |      37 |       7 |  15.9
   Spider:4 |   25948 |   22217 |  46.1 |      68 |      37 |  35.2
    Slime:1 |    1535 |       0 |   0.0 |       3 |       0 |   0.0
    Slime:2 |   11243 |       0 |   0.0 |      17 |       0 |   0.0
    Slime:3 |   10342 |   13846 |  57.2 |      28 |       1 |   3.4
    Slime:4 |   17243 |       0 |   0.0 |      29 |       0 |   0.0
    Slime:5 |    9231 |   30271 |  76.6 |      18 |      10 |  35.7
      Orc:1 |    2577 |   17143 |  86.9 |      11 |      34 |  75.6
      Orc:2 |    2853 |    7959 |  73.6 |      16 |      42 |  72.4
      Elf:1 |   23779 |    5476 |  18.7 |      39 |       9 |  18.8
      Elf:2 |   16145 |    8513 |  34.5 |      25 |      18 |  41.9
      Elf:3 |   26415 |   38496 |  59.3 |      40 |      27 |  40.3
   Vaults:1 |   10120 |   16516 |  62.0 |      16 |      19 |  54.3
   Vaults:2 |   24713 |   20465 |  45.3 |      50 |      37 |  42.5
   Vaults:3 |   21039 |   42415 |  66.8 |      37 |      51 |  58.0
   Vaults:4 |   38960 |   45063 |  53.6 |      53 |      64 |  54.7
   Vaults:5 |   27281 |  128211 |  82.5 |      36 |      89 |  71.2
    Crypt:1 |   21761 |    8003 |  26.9 |      34 |       9 |  20.9
    Crypt:2 |   21917 |       0 |   0.0 |      28 |       0 |   0.0
    Crypt:3 |   27347 |   49258 |  64.3 |      33 |      69 |  67.6
   Depths:1 |   23269 |      96 |   0.4 |      19 |       2 |   9.5
   Depths:2 |   38301 |   28760 |  42.9 |      59 |      24 |  28.9
   Depths:3 |   44762 |   58864 |  56.8 |      45 |      37 |  45.1
   Depths:4 |   28785 |   24584 |  46.1 |      30 |      20 |  40.0
   Depths:5 |   37465 |   41100 |  52.3 |      44 |      29 |  39.7
      Zot:1 |   49000 |       0 |   0.0 |      33 |       0 |   0.0
      Zot:2 |   23877 |   23522 |  49.6 |      16 |      13 |  44.8
      Zot:3 |   53882 |    3342 |   5.8 |      30 |       2 |   6.2
      Zot:4 |   59924 |       0 |   0.0 |      37 |       0 |   0.0
      Zot:5 |   57072 |  231300 |  80.2 |      30 |      60 |  66.7
    Abyss:2 |   45060 |       0 |   0.0 |      98 |       0 |   0.0
      Zig:1 |    8044 |       0 |   0.0 |       8 |       0 |   0.0
      Zig:2 |   20919 |       0 |   0.0 |       9 |       0 |   0.0
      Zig:3 |   18237 |       0 |   0.0 |      20 |       0 |   0.0
      Zig:4 |   36839 |       0 |   0.0 |      19 |       0 |   0.0
      Zig:5 |   47049 |       0 |   0.0 |      31 |       0 |   0.0
      Zig:6 |   55807 |    2215 |   3.8 |      44 |       4 |   8.3
      Zig:7 |   46470 |    2462 |   5.0 |      55 |       4 |   6.8
      Zig:8 |   74249 |       0 |   0.0 |      73 |       0 |   0.0
      Zig:9 |   85584 |       0 |   0.0 |      54 |       0 |   0.0
     Zig:10 |   54098 |       0 |   0.0 |     102 |       0 |   0.0
     Zig:11 |   68745 |    9443 |  12.1 |     104 |       8 |   7.1
     Zig:12 |   90162 |       0 |   0.0 |     110 |       0 |   0.0
     Zig:13 |  109338 |       0 |   0.0 |     100 |       0 |   0.0
     Zig:14 |  125315 |       0 |   0.0 |     122 |       0 |   0.0
     Zig:15 |  156349 |       0 |   0.0 |     135 |       0 |   0.0
     Zig:16 |  211923 |       0 |   0.0 |     157 |       0 |   0.0
     Zig:17 |  189771 |       0 |   0.0 |     158 |       0 |   0.0
     Zig:18 |  157687 |       0 |   0.0 |     190 |       0 |   0.0
     Zig:19 |  251117 |    2641 |   1.0 |     191 |       4 |   2.1
     Zig:20 |  242060 |       0 |   0.0 |     260 |       0 |   0.0
     Zig:21 |  156629 |    4540 |   2.8 |     117 |       8 |   6.4
     Zig:22 |  144741 |       0 |   0.0 |     109 |       0 |   0.0
     Zig:23 |  153431 |       0 |   0.0 |     124 |       0 |   0.0
     Zig:24 |  172998 |       0 |   0.0 |     162 |       0 |   0.0
     Zig:25 |  150008 |       0 |   0.0 |     167 |       0 |   0.0
     Zig:26 |  140070 |       0 |   0.0 |     198 |       0 |   0.0
     Zig:27 |  261705 |       0 |   0.0 |     181 |       0 |   0.0
      IceCv |       0 |   10743 | 100.0 |       0 |      44 | 100.0
     WizLab |       0 |   13430 | 100.0 |       0 |      18 | 100.0
   Gauntlet |       0 |    1511 | 100.0 |       0 |       2 | 100.0
            +---------+---------+-------+---------+---------+-------
